 Dungeon Crawl Stone Soup version 0.31-a0-1205-g5e5e916f41 (webtiles) character file.

Game seed: 5535491409316918170

1225922 Jannitor the Ninja (level 27, -15/147 (170) HPs)
             Began as a Vine Stalker Delver on Dec 9, 2023.
             Was the Champion of Ashenzari.
             Demolished by a caustic shrike (24 damage)
             ... on level 6 of the Iron City of Dis on Dec 13, 2023.
             The game lasted 04:14:41 (71520 turns).

Jannitor the Ninja (Vine Stalker Delver)           Turns: 71520, Time: 04:14:41

HP:   -15/147 (170) AC:  0    Str: 30    XL:     27
MP:   0/63          EV: 25    Int: 25    God:    Ashenzari [******]
Gold: 12972         SH:  8    Dex: 24    Spells: 11/79 levels left

rFire   + + .        j - +8 pair of quick blades "Gyre" and "Gimble" {protect, Bglg, Self} (curse)
rCold   + + +        (shield currently unavailable)
rNeg    + + +        o - +2 troll leather armour of the Oracular Welkin {^Drain Regen+ Slay+6, Bglg, Self} (curse)
rPois   ∞            n - +0 helmet of the Cursed Sky {+Blink rF+ Dex+4 Stlth-, Melee, Bglg} (curse)
rElec   .            C - +1 cloak "Omniscient Absolutism" {Rampage MP+9 Str+3 Int+2, Bglg, Fort} (curse)
rCorr   .            S - +1 pair of gloves of Ashenzari's Sun {Int+4 Dex+3, Alch, Range} (curse)
SInv    +            y - +2 pair of boots "Ensconced With Me" {Fly, Melee, Comp} (curse)
Will    ++++.        D - brooch of Shielding {Spirit SH+8, Bglg, Comp} (curse)
Stlth   ++++++++++   Q - ring of Ashenzari's Shame {rF+ rC+ rN+ Str+6, Comp, Bglg} (curse)
HPRegen 2.84/turn    v - ring of the Unmoving One {*Slow rPois rC+ Slay+5 Stlth+, Elem, Melee} (curse)
MPRegen 0.38/turn

%: slow self (1%), clarity, guardian spirit, rampage
@: about to teleport, death-form, corroded, under a protective aura, flying,
studying 3 skills, heavily drained
A: vile attack, torment immunity, no potions, fangs 3, regeneration 2, magic
shield, antimagic bite, no potion heal 2, strong 1
}: 14/15 runes: decaying, serpentine, slimy, silver, golden, obsidian, icy,
bone, abyssal, demonic, glowing, magical, fiery, dark
a: Siphon Essence, Begin Untransformation, Renounce Religion, Evoke Blink,
Shatter the Chains


You were on level 6 of the Iron City of Dis.
You worshipped Ashenzari.
Ashenzari was exalted by your worship.
You were an undying horror.
You visited 18 branches of the dungeon, and saw 83 of its levels.
You visited Pandemonium 1 time, and saw 13 of its levels.
You visited the Abyss 2 times.
You also visited: Bailey, Gauntlet and Desolation.

You collected 18592 gold pieces.
You spent 5620 gold pieces at shops.

Inventory:

Hand Weapons
 j - the cursed +8 pair of quick blades "Gyre" and "Gimble" (weapon) {protect, Bglg, Self}
   (You bought it in a shop on level 1 of the Snake Pit)

   It has a curse which improves the following skills: Beguiling: Conjurations,
   Hexes and Translocations.
   Introspection: Fighting and Spellcasting.
 V - the +7 Spriggan's Knife {stab, EV+4 Stlth+}
   (You found it on level 2 of the Depths)

   Stab:      It is more effective when stabbing unaware enemies, sometimes
   treating them as though they were completely helpless.
   EV+4:      It affects your evasion (+4).
   Stlth+:    It makes you more stealthy.
Missiles
 m - 3 throwing nets
Armour
 h - the +3 pair of mountain boots {steadfast, rC+}
   (You found it on level 3 of the Tomb of the Ancients)

   Steadfast: It prevents involuntary movement, except for blinking,
   teleportation, or banishment.
   rC+:       It protects you from cold.
 n - the cursed +0 helmet of the Cursed Sky (worn) {+Blink rF+ Dex+4 Stlth-, Melee, Bglg}
   (You found it on level 3 of the Vaults)

   Dex+4:     It affects your dexterity (+4).
   rF+:       It protects you from fire.
   +Blink:    It lets you blink.
   Stlth-:    It makes you less stealthy.
   It has a curse which improves the following skills: Melee Combat: Short
   Blades, Long Blades, Axes, Maces & Flails, Polearms, Staves and Unarmed
   Combat.
   Beguiling: Conjurations, Hexes and Translocations.
 o - the cursed +2 troll leather armour of the Oracular Welkin (worn) {^Drain Regen+ Slay+6, Bglg, Self}
   (You found it in a Gauntlet)

   Slay+6:    It affects your accuracy & damage with ranged weapons and melee
   (+6).
   Regen+:    It increases your rate of health regeneration.
   ^Drain:    It drains your maximum health when unequipped.
   It has a curse which improves the following skills: Beguiling: Conjurations,
   Hexes and Translocations.
   Introspection: Fighting and Spellcasting.
 y - the cursed +2 pair of boots "Ensconced With Me" (worn) {Fly, Melee, Comp}
   (You found it on level 1 of the Dungeon)

   It has a curse which improves the following skills: Melee Combat: Short
   Blades, Long Blades, Axes, Maces & Flails, Polearms, Staves and Unarmed
   Combat.
   Companions: Summonings and Necromancy.
 C - the cursed +1 cloak "Omniscient Absolutism" (worn) {Rampage MP+9 Str+3 Int+2, Bglg, Fort}
   (You found it on level 3 of the Elven Halls)

   Str+3:     It affects your strength (+3).
   Int+2:     It affects your intelligence (+2).
   MP+9:      It affects your magic capacity (+9).
   Rampage:   It bestows one free step when moving towards enemies.
   It has a curse which improves the following skills: Beguiling: Conjurations,
   Hexes and Translocations.
   Fortitude: Armour and Shields.
 S - the cursed +1 pair of gloves of Ashenzari's Sun (worn) {Int+4 Dex+3, Alch, Range}
   (You found it on level 2 of the Vaults)

   Int+4:     It affects your intelligence (+4).
   Dex+3:     It affects your dexterity (+3).
   It has a curse which improves the following skills: Alchemy: Poison Magic and
   Transmutations.
   Ranged Combat: Ranged Weapons and Throwing.
Jewellery
 v - the cursed ring of the Unmoving One (right hand) {*Slow rPois rC+ Slay+5 Stlth+, Elem, Melee}
   (You took it off a deep elf master archer on level 3 of the Elven Halls)

   [ring of protection from cold]

   Slay+5:    It affects your accuracy & damage with ranged weapons and melee
   (+5).
   rC+:       It protects you from cold.
   rPois:     It protects you from poison *Slow: It may slow you when you take
   damage.
   Stlth+:    It makes you more stealthy.
   It has a curse which improves the following skills: Elements: Fire Magic, Ice
   Magic, Air Magic and Earth Magic.
   Melee Combat: Short Blades, Long Blades, Axes, Maces & Flails, Polearms,
   Staves and Unarmed Combat.
 D - the cursed brooch of Shielding (around neck) {Spirit SH+8, Bglg, Comp}
   (You found it on level 3 of the Crypt)

   [amulet of guardian spirit]

   Spirit:    It causes incoming damage to be divided between your reserves of
   health and magic.
   SH+8:      It affects your SH (+8).
   It has a curse which improves the following skills: Beguiling: Conjurations,
   Hexes and Translocations.
   Companions: Summonings and Necromancy.
 Q - the cursed ring of Ashenzari's Shame (left hand) {rF+ rC+ rN+ Str+6, Comp, Bglg}
   (You found it on level 8 of the Dungeon)

   [ring of strength]

   Str+6:     It affects your strength (+6).
   rF+:       It protects you from fire.
   rC+:       It protects you from cold.
   rN+:       It protects you from negative energy.
   It has a curse which improves the following skills: Companions: Summonings
   and Necromancy.
   Beguiling: Conjurations, Hexes and Translocations.
Talismans
 J - a talisman of death (active)
 N - the storm talisman "Ymece" {rF+}
   (You found it in Pandemonium)

   [storm talisman]

   rF+:       It protects you from fire.
Wands
 g - a wand of digging (26)
 k - a wand of acid (42)
 w - a wand of mindburst (13)
 E - a wand of flame (177)
 H - a wand of iceblast (103)
 K - a wand of polymorph (52)
 W - a wand of paralysis (96)
Scrolls
 a - 8 scrolls of amnesia
 c - 11 scrolls of fog
 d - 7 scrolls of revelation
 e - 18 scrolls of teleportation
 l - 15 scrolls of poison
 r - 8 scrolls of immolation
 u - 3 scrolls of silence
 A - 6 scrolls of vulnerability
 F - 3 scrolls of summoning
 G - 6 scrolls of torment
 P - 2 scrolls of fear
Potions
 f - 12 potions of enlightenment
 i - 12 potions of might
 p - 8 potions of berserk rage
 x - 9 potions of haste
 z - 8 potions of resistance
 B - 12 potions of attraction
 I - 8 potions of brilliance
 M - 5 potions of lignification
 O - 27 potions of curing
 R - 6 potions of magic
 T - 14 potions of mutation
 U - 4 potions of cancellation
 Y - 7 potions of invisibility
 Z - 5 potions of ambrosia
Miscellaneous
 b - a condenser vane
 q - a phial of floods
 t - a figurine of a ziggurat
 L - the horn of Geryon
 X - a sack of spiders


   Skills:
 + Level 22.4(25.6) Fighting
 - Level 12.4(17.1) Short Blades
 - Level 8.8(11.3) Armour
 - Level 15.3 Dodging
 O Level 27 Stealth
 - Level 4.1(6.4) Shields
 + Level 23.4(26.5) Spellcasting
 + Level 19.8(27) Conjurations
 - Level 15.5(23.0) Hexes
 - Level 3.4(7.4) Summonings
 - Level 0.5(2.3) Necromancy
 - Level 5.1(11.9) Translocations
 - Level 9.5(12.0) Transmutations
 * Level 10.8(13.2) Fire Magic
 - Level 18.5(20.7) Air Magic
 - Level 5.2(7.6) Earth Magic
 - Level 15.6 Evocations
 - Level 26.2 Shapeshifting


You had 11 spell levels left.
You knew the following spells:

 Your Spells              Type           Power      Damage    Failure   Level
a - Jinxbite              Hex            100%       N/A       0%          2
b - Confusing Touch       Hex            99%        N/A       0%          3
c - Summon Mana Viper     Hex/Summ       83%        N/A       1%          5
d - Passwall              Tmut/Erth      58%        N/A       1%          2
e - Silence               Hex/Air        48%        N/A       0%          5
f - Vhi's Electric Charg  Tloc/Air       100%       N/A       0%          4
g - Discord               Hex            49%        N/A       1%          8
h - Dispel Undead         Necr           44%        3d17      3%          4
i - Enfeeble              Hex            49%        N/A       1%          7
j - Yara's Violent Unrav  Hex/Tmut       44%        3d17      1%          5
k - Arcjolt               Conj/Air       50%        1d60      0%          5
l - Chain Lightning       Conj/Air       50%        3d66      5%          9
m - Fire Storm            Conj/Fire      46%        8d12      26%         9

Your spell library contained the following spells:

 Spells                   Type           Power      Damage    Failure   Level
 Apportation              Tloc           100%       N/A       0%          1
 Kiss of Death            Conj/Necr      100%       2d13      0%          1
 Magic Dart               Conj           100%       1d8       0%          1
 Shock                    Conj/Air       100%       1d9       0%          1
 Ensorcelled Hibernation  Hex/Ice        100%       N/A       0%          2
 Lesser Beckoning         Tloc           100%       N/A       0%          2
 Searing Ray              Conj           100%       2d8       0%          2
 Static Discharge         Conj/Air       100%       3-8/arc   0%          2
 Wereblood                Tmut           75%        N/A       0%          2
 Hailstorm                Conj/Ice       79%        3d13      0%          3
 Inner Flame              Hex/Fire       89%        N/A       0%          3
 Mephitic Cloud           Conj/Pois/Air  85%        N/A       0%          3
 Stone Arrow              Conj/Erth      100%       3d13      0%          3
 Summon Guardian Golem    Hex/Summ       83%        N/A       0%          3
 Swiftness                Air            95%        N/A       0%          3
 Volatile Blastmotes      Fire/Tloc      100%       2d18      0%          3
 Airstrike                Air            47%        2d(7-23)  0%          4
 Brom's Barrelling Bould  Conj/Erth      88%        2d10      0%          4
 Cause Fear               Hex            49%        N/A       0%          4
 Flame Wave               Conj/Fire      93%        2d20      0%          4
 Fulminant Prism          Conj/Hex       51%        3d22      0%          4
 Iskenderun's Mystic Bla  Conj/Tloc      92%        2d18      0%          4
 Sticky Flame             Conj/Fire      93%        2d10      0%          4
 Fireball                 Conj/Fire      46%        3d18      0%          5
 Iskenderun's Battlesphe  Conj           100%       2d15      0%          5
 Conjure Ball Lightning   Conj/Air       50%        3x3d17    0%          6
 Orb of Destruction       Conj           53%        9d13      0%          7
 Freeze                   Ice            100%       1d10      1%          1
 Necrotise                Necr           100%       1d9       1%          1
 Sandblast                Erth           100%       2d20      1%          1
 Sting                    Tmut/Pois      100%       1d8       1%          1
 Summon Small Mammal      Summ           100%       N/A       1%          1
 Call Imp                 Summ           100%       N/A       1%          2
 Cigotuvi's Dreadful Rot  Necr/Pois/Air  100%       N/A       1%          2
 Poisonous Vapours        Pois/Air       100%       N/A       1%          2
 Sublimation of Blood     Necr           44%        N/A       1%          2
 Call Canine Familiar     Summ           63%        N/A       1%          3
 Gell's Gravitas          Tloc           75%        N/A       1%          3
 Ignite Poison            Fire/Tmut/Pois 66%        N/A       1%          3
 Teleport Other           Tloc           75%        N/A       1%          3
 Vampiric Draining        Necr           44%        2d9       1%          3
 Anguish                  Hex/Necr       38%        N/A       1%          4
 Animate Armour           Summ/Erth      100%       N/A       1%          4
 Summon Ice Beast         Ice/Summ       51%        N/A       1%          4
 Summon Lightning Spire   Summ/Air       81%        N/A       1%          4
 Freezing Cloud           Conj/Ice/Air   42%        6-21      1%          5
 Lee's Rapid Deconstruct  Erth           32%        3d16*     1%          5
 Summon Forest            Summ/Tloc      34%        N/A       1%          5
 Bombard                  Conj/Erth      44%        9d7       1%          6
 Plasma Beam              Fire/Air       43%        2x1d57    1%          6
 Spellforged Servitor     Conj/Summ      43%        N/A       1%          7
 Frozen Ramparts          Ice            68%        1d11      2%          3
 Ozocubu's Armour         Ice            34%        N/A       2%          3
 Alistair's Intoxication  Tmut/Pois      39%        N/A       2%          5
 Animate Dead             Necr           44%        N/A       3%          4
 Borgnjor's Vile Clutch   Necr/Erth      27%        N/A       3%          5
 Summon Cactus Giant      Summ           31%        N/A       7%          6
 Olgreb's Toxic Radiance  Pois           34%        N/A       9%          4
 Eringya's Noxious Bog    Tmut/Pois      29%        4d6       12%         6
 Ignition                 Fire           39%        3d12      28%         8
 Monstrous Menagerie      Summ           31%        N/A       36%         7
 Summon Hydra             Summ           31%        N/A       36%         7
 Disjunction              Tloc           37%        N/A       43%         8
 Death Channel            Necr           22%        N/A       50%         6
 Simulacrum               Ice/Necr       19%        N/A       65%         6
 Haunt                    Necr/Summ      27%        N/A       73%         7
 Ozocubu's Refrigeration  Ice            17%        4d11      100%        7
 Borgnjor's Revivificati  Necr           22%        N/A       100%        8
 Infestation              Necr           22%        N/A       100%        8
 Dragon's Call            Summ           31%        N/A       100%        9
 Polar Vortex             Ice            17%        12d2*     100%        9
 Shatter                  Erth           32%        3d26*     100%        9


Dungeon Overview and Level Annotations

Branches:
Dungeon (15/15)            Temple (1/1) D:7            Lair (5/5) D:11
  Swamp (4/4) Lair:2        Snake (4/4) Lair:2        Slime (5/5) Lair:5
    Orc (2/2) D:9             Elf (3/3) Orc:2        Vaults (5/5) D:14
  Crypt (3/3) Vaults:2       Tomb (3/3) Crypt:3      Depths (4/4) D:15
   Hell (visited)             Dis (6/7) Hell            Geh (7/7) Hell
    Coc (7/7) Hell            Tar (7/7) Hell            Zot (1/5) Depths:4
 Bailey (visited)         Desolation (visited)      Gauntlet (visited)

Altars:
Ashenzari
Cheibriados
Dithmenos
Elyvilon
Fedhas
Gozag
Hepliaklqana
Kikubaaqudgha
Makhleb
Nemelex Xobeh
Okawaru
Qazlal
Ru
Sif Muna
Trog
Uskayaw
Vehumet
Wu Jian
Xom
Yredelemnul
Zin
The Shining One
Jiyva
Lugonu

Shops:
D:6 =   D:8 *   D:9 [   D:11 !   D:14 ?[[[[   Orc:1 *   Orc:2 *(*[[   Elf:2 (
Snake:1 *   Snake:2 [:*   Snake:4 [   Vaults:4 ?(   Vaults:5 !!   Depths:1 :=:

Portals:
Hell: Depths:1 Depths:2 Depths:3 Depths:4
Abyss: Depths:2 Depths:3
Pandemonium: Depths:2
Ziggurat: Depths:2

Annotations:
D:11 2 transporters
Swamp:4 Lernaean hydra
Depths:3 3 runed translucent doors


Innate Abilities, Weirdness & Mutations

You are an undying horror.
Your melee and unarmed attacks drain, slow and weaken victims.
You are immune to unholy pain and torment.
You cannot drink.
You are immune to poison.
You have razor-sharp teeth.
You heal very quickly.
When hurt, damage is shared between your health and your magic reserves.
Your bite disrupts and absorbs the magic of your enemies.
Potions cannot restore your health.
Your muscles are strong. (Str +4, Int/Dex -1)


Message History

The caustic shrike completely misses you.
Unknown command.
Okay, then.
Unknown command.
You cannot drink potions in your current state!
Unknown command.
Unknown command.
Okay, then.
Unknown command.
As you read the scroll of fear, it crumbles to dust.
You assume a fearsome visage.
The iron giant resists with almost no effort.
The iron golem is unaffected. x2; The caustic shrike looks frightened!
The caustic shrike resists with almost no effort.
The caustic shrike looks frightened! x3; The caustic shrike easily resists.
The caustic shrike claws you!
* * * LOW HITPOINT WARNING * * *
The acid corrodes you!
You are splashed with acid!
* * * LOW HITPOINT WARNING * * *
The caustic shrike completely misses you.
The iron giant hits you with a +0 dire flail.
* * * LOW HITPOINT WARNING * * *
The caustic shrike closely misses you. The caustic shrike claws you!
* * * LOW HITPOINT WARNING * * *
The acid corrodes you!
You are splashed with acid!
* * * LOW HITPOINT WARNING * * *
You hear a screech!
Unknown command.
Unknown command.
You hit the caustic shrike but do no damage.
You bite the caustic shrike, but do no damage.
You hit the caustic shrike but do no damage.
You bite the caustic shrike, but do no damage.
You hit the caustic shrike but do no damage.
Your bite misses the caustic shrike. You closely miss the caustic shrike.
Your bite misses the caustic shrike.
An ancient champion comes into view.
It is wielding a +0 great sword of flaming.
The caustic shrike completely misses you.
The caustic shrike claws you!!
You die...

****########*#####*
**,,,#..∩.b.#...b..*
,*,,,+..>...#......*
,*,,,#b...C.bb.....*
>*,,,##..99z#,,,,,,*
{*,,,*#...b##,{,,,,*
{*,,,*#.b..#********
**,,.z⌠....{,{,,,,,*
,+,,.........,,,,,,*
,+,,.........,,{,,,*
,.......,,{,,,,,*
,.......,,,,,,,{*
,,,,,,,,**,,,,,,*


You could see 2 iron golems, an iron giant, 7 caustic shrikes and an ancient
champion.

Vanquished Creatures
  Cerebov (Pan)
  the Royal Jelly (Slime:5)
  Asmodeus (Geh:7)
  Ignacio (Pan)
  Ereshkigal (Tar:7)
  Lom Lobon (Pan)
  Mnoleg (Pan)
  Gloorx Vloq (Pan)
  4 dread liches
  Khufu (Crypt:3)
  6 ancient liches
  33 royal mummies
  8 pandemonium lords (Pan)
  Frederick (Crypt:3)
  30 shard shrikes
  The ghost of confidenceinterval the Demon Slayer, an adept OgGl of the Shining One (Vaults:3)
  23 caustic shrikes
  Vashnia (Snake:2)
  5 golden dragons
  13 profane servitors
  Jory (Crypt:2)
  23 Tzitzimimeh
  17 Brimstone Fiends
  9 doom hounds
  19 bone dragons
  2 spectral shard shrikes
  The ghost of Muvus the Executioner, an adept DsFi of Uskayaw (Vaults:2)
  10 tentacled monstrosities
  Jorgrun (Orc:2)
  7 iron giants
  15 hellephants
  A walking crystal tome (Depths:2)
  21 Ice Fiends
  A walking frostbound tome (Depths:3)
  17 tainted leviathans
  9 Hell Sentinels
  Rupert (Lair:4)
  Asterion (Snake:1)
  19 searing wretches
  30 titans
  2 deep elf master archers (Elf:3)
  A quicksilver dragon (Depths:4)
  10 liches
  3 deep elf blademasters (Elf:2)
  Murray (Depths:1)
  8 sphinxes
  A walking divine tome (Depths:3)
  31 ancient champions
  4 tentacled starspawn
  16 acid blobs
  30 Executioners (Pan)
  5 shadow dragons
  An eldritch tentacle (Pan)
  Frances (Swamp:1)
  6 tengu reavers
  2 thorn hunters (Swamp:3)
  6 storm dragons
  6 revenants
  3 daevas (Abyss:3)
  5 demonspawn warmongers (Pan)
  A storm dragon (shapeshifter) (Depths:2)
  19 fire giants
  6 nagarajas (Snake:4)
  8 rockslimes
  9 azure jellies
  10 narguns
  5 deep elf elementalists
  Aizul (Snake:4)
  5 iron dragons
  17 vault wardens
  A frost giant (shapeshifter) (Depths:2)
  A caustic shrike zombie (Crypt:1)
  3 imperial myrmidons (Desolation)
  2 deep elf sorcerers (Elf:3)
  3 spectral caustic shrikes
  2 draconian scorchers (Depths:4)
  39 balrugs
  A juggernaut zombie (Depths:4)
  8 frost giants
  6 quicksilver elementals
  8 shard shrike simulacra
  3 orc warlords
  Louise (Elf:1)
  2 angels (Abyss:3)
  20 cacodemons
  6 ghouls
  2 curse skulls (Pan)
  18 very ugly things
  23 reapers
  5 demonspawn blood saints (Pan)
  11 war gargoyles
  3 draconian annihilators (Pan)
  6 quicksilver oozes (Slime:5)
  5 demonspawn corrupters (Pan)
  17 ironbound preservers
  8 stone giants
  2 spriggan defenders (Depths:4)
  A broodmother (shapeshifter) (Depths:2)
  A caustic shrike skeleton (Crypt:1)
  13 vampire knights
  A juggernaut skeleton (Pan)
  14 ironbound thunderhulks
  16 elemental wellsprings
  2 green draconians (Depths:4)
  12 formless jellyfish
  7 deep elf demonologists (Elf:3)
  6 demonspawn black suns (Pan)
  3 eleionomae
  17 bennus
  15 putrid mouths
  A yellow draconian (Depths:4)
  13 deep elf annihilators
  A minotaur (Gauntlet)
  18 dire elephants
  3 black draconians
  8 lorocyprocas (Pan)
  2 halazid warlocks (Desolation)
  3 bunyips
  7 wendigos
  3 spectral titans
  3 purple draconians (Zot:1)
  2 red draconians
  5 spark wasps
  A white draconian (Zot:1)
  19 iron golems
  17 deep elf death magi
  12 ettins
  13 green deaths
  17 blizzard demons
  5 eidola
  An acid blob zombie (Crypt:2)
  4 fire dragons
  A crystal guardian (Desolation)
  25 mummy priests
  2 spectral iron giants
  5 ragged hierophants (Desolation)
  4 great orbs of eyes
  3 spectral spriggans
  13 jiangshi
  An entropy weaver (Vaults:1)
  3 deep elf high priests (Vaults:5)
  4 peacekeepers (Desolation)
  A spriggan zombie (Tomb:1)
  9 vault guards
  An elf skeleton (Pan)
  6 caustic shrike simulacra
  16 salamander tyrants
  5 hell beasts
  An Orb Guardian zombie (Crypt:1)
  A fenstrider witch zombie (Crypt:1)
  5 rakshasas
  12 yaktaur captains
  15 hydras
  9 ice dragons
  5 ogre magi
  A merfolk avatar (Lair:5)
  4 juggernaut simulacra
  8 servants of whispers (Desolation)
  3 ghost crabs
  9 ironbound frosthearts
  A spectral stone giant (Tar:2)
  17 anacondas
  13 alligators
  9 boulder beetles
  4 death knights
  3 spriggan air magi
  3 spriggan skeletons
  3 stokers
  15 two-headed ogres
  A catoblepas (shapeshifter) (Depths:2)
  3 sphinx zombies
  16 centaur warriors
  9 naga warriors
  8 death yaks
  34 hell hogs
  3 orc high priests
  42 death scarabs
  4 demonic crawlers
  A spectral dire elephant (Tar:5)
  4 thrashing horrors
  A deep troll earth mage (Depths:4)
  A fenstrider witch skeleton (Pan)
  2 spectral nagas
  5 tengu warriors
  4 vampire magi
  49 dancing weapons
  6 spriggan berserkers
  2 holy swine (Abyss:3)
  2 occultists
  7 shock serpents
  26 soul eaters
  15 naga sharpshooters
  A titan zombie (Crypt:1)
  8 hell knights
  8 spriggans
  16 deep elf knights
  The ghost of pzskc383 the Cleaver, a novice GrFi of Okawaru (D:9)
  6 crystal echidnas
  2 skysharks
  65 sun demons
  39 skeletal warriors
  34 shadow wraiths
  A spectral spark wasp (Depths:1)
  2 titan skeletons (Pan)
  3 wretched stars
  A goliath frog (shapeshifter) (Depths:2)
  2 salamander mystics
  3 iron trolls (Hell)
  A glowing orange brain (shapeshifter) (Depths:2)
  A skyshark (shapeshifter) (Vaults:5)
  9 glowing orange brains
  6 shadow demons
  A storm dragon skeleton (Crypt:1)
  5 goliath frogs
  16 sixfirhies
  6 quicksilver dragon simulacra
  3 sea snakes
  5 flayed ghosts
  46 deep trolls
  An orb spider (shapeshifter) (Depths:2)
  A bunyip zombie (Crypt:2)
  3 bog bodies
  2 spriggan druids
  An orange crystal statue (Depths:2)
  5 swamp dragons
  2 spectral anacondas
  12 deep elf archers
  7 naga ritualists
  A bunyip skeleton (Tomb:2)
  3 spectral hydras
  3 spriggan simulacra
  A lindwurm (shapeshifter) (Abyss:1)
  An iron giant skeleton (Crypt:1)
  2 harpies
  A spectral iron dragon (Tar:3)
  7 arcanists
  A golden dragon skeleton (Pan)
  17 ironbound convokers
  A shadow dragon zombie (Crypt:3)
  9 phantasmal warriors
  3 steelbarb worms (shapeshifter)
  42 large abominations
  An anaconda skeleton (Hell)
  4 obsidian statues
  27 deep elf zephyrmancers
  12 orc knights
  A stone giant zombie (Depths:1)
  13 lindwurms
  9 necromancers
  An alligator zombie (Hell)
  A spectral ettin (Tar:2)
  30 deep elf pyromancers
  4 orc sorcerers
  2 wolf spider zombies (D:15)
  13 ugly things
  A spectral alligator snapping turtle (Tar:3)
  2 frost giant zombies (Depths:1)
  7 mana vipers
  2 manticores (shapeshifter)
  2 shining eyes (Pan)
  A faun (shapeshifter) (Vaults:5)
  7 salamanders
  4 manticores
  2 worldbinders
  16 elephants
  3 will-o-the-wisps
  A stone giant skeleton (Crypt:1)
  4 moths of wrath (Zot:1)
  2 apocalypse crabs
  A salamander (shapeshifter) (D:15)
  7 cyclopes
  An eye of devastation (Pan)
  9 guardian serpents
  A dire elephant zombie (Crypt:1)
  16 naga magi
  12 molten gargoyles
  A kobold blastminer (Orc:1)
  2 centaur zombies (D:15)
  2 ice statues (Coc:7)
  An eye of devastation (shapeshifter) (Depths:2)
  2 black mambas (shapeshifter)
  A guardian serpent (shapeshifter) (Depths:2)
  5 rust devils (Hell)
  19 vault sentinels
  A cane toad (shapeshifter) (Elf:2)
  30 black mambas
  25 orange demons
  2 gargoyles
  4 centaur skeletons (D:14)
  13 cane toads
  31 smoke demons
  6 unseen horrors
  6 kobold demonologists
  4 dire elephant skeletons (Pan)
  7 rime drakes
  An unseen horror (shapeshifter) (D:14)
  14 hellions
  2 naga skeletons
  16 komodo dragons
  Maggie (D:8)
  A rime drake (shapeshifter) (D:11)
  29 tormentors
  A minotaur zombie (Gauntlet)
  2 anaconda simulacra
  2 ice devils
  2 sea snake skeletons (Hell)
  A sea snake zombie (Hell)
  4 freezing wraiths
  25 yaktaurs
  An alligator snapping turtle skeleton (Crypt:1)
  5 ancient zymes
  An unseen horror skeleton (Crypt:2)
  6 efreet
  3 iron giant simulacra
  7 red devils
  A white draconian skeleton (Crypt:2)
  7 spectral harpies
  A tengu conjurer (Gauntlet)
  A meliai (shapeshifter) (Elf:2)
  4 polar bears
  2 silent spectres
  2 bloated husks
  16 hellwings (Pan)
  55 guardian mummies
  8 trolls
  A wind drake (Depths:2)
  An alligator simulacrum (Hell)
  5 tyrant leeches
  A tyrant leech (shapeshifter) (Depths:2)
  7 hornets
  A blink frog (shapeshifter) (Elf:2)
  2 hydra skeletons (Crypt:1)
  Grinder (D:5)
  2 harpy skeletons
  5 dream sheep (Lair:5)
  A culicivora zombie (Crypt:2)
  20 blink frogs
  A fire dragon zombie (Crypt:2)
  3 stone giant simulacra
  8 glass eyes
  A glass eye (shapeshifter) (Depths:2)
  A snapping turtle (Lair:5)
  38 saltlings (Desolation)
  A tarantella (Vaults:1)
  A dream sheep (shapeshifter) (D:15)
  Sigmund (D:2)
  96 slime creatures
  3 raiju
  59 flying skulls
  28 ynoxinuls
  A snapping turtle (shapeshifter) (Depths:2)
  A fire giant simulacrum (Depths:1)
  An ice dragon skeleton (Pan)
  11 air elementals
  3 shadows
  7 dire elephant simulacra
  9 water elementals
  A centaur simulacrum (Coc:2)
  9 wraiths
  6 starcursed masses
  5 wyverns
  35 yaks
  The ghost of jotaen the Covered, an amateur MiFi (D:3)
  2 hogs
  A fire bat (Abyss:1)
  4 golden eyes
  4 basilisks
  8 fire elementals
  4 steam dragons
  A human (D:7)
  Grum (D:11)
  14 ushabtiu
  5 vampire mosquitoes
  20 neqoxecs
  A redback (Vaults:1)
  11 chaos spawn (Pan)
  7 wargs
  13 harpy simulacra
  38 nagas
  9 swamp worms
  A glowing shapeshifter zombie (Crypt:1)
  3 acid dragons
  2 hydra simulacra
  25 water moccasins
  14 orc warriors
  A swamp drake (Swamp:4)
  2 ice beasts
  5 sky beasts
  A black bear (Lair:4)
  3 ettin simulacra
  A hornet zombie (D:15)
  4 boggarts (Vaults:3)
  17 wolves
  A dream sheep zombie (Crypt:1)
  9 centaurs
  26 ogres
  A manticore skeleton (Crypt:1)
  5 phantoms
  3 kobold brigands
  13 bullfrogs
  4 brain worms
  2 scorpions (D:11)
  A naga simulacrum (Coc:2)
  A spectral warg (Orc:2)
  13 small abominations
  12 earth elementals
  6 necrophages
  5 wights (Abyss:1)
  A polar bear zombie (Crypt:2)
  19 killer bees
  5 electric eels
  2 howler monkeys (D:10)
  8 crimson imps (Pan)
  4 jellies
  3 hounds
  7 orc priests
  A sleepcap (D:5)
  3 iguanas
  13 orc wizards
  2 spectral orcs (Orc:2)
  Ijyb (D:5)
  46 mummies
  Robin (D:3)
  7 adders
  17 gnolls
  A shadow imp (Tar:7)
  4 white imps
  2 ufetubi (D:5)
  A worm (D:2)
  6 dart slugs
  46 orcs
  2 orc simulacra (Orc:2)
  3 ball pythons
  2 endoplasms (D:1)
  2 giant cockroaches
  16 goblins
  9 hobgoblins
  14 jackals
  A quokka (D:5)
  5 bats
  A frilled lizard (D:3)
  9 kobolds
  A kobold skeleton (Crypt:1)
  2 rats (D:1)
  5 creeping infernos
  8 fire vortices
  2 starspawn tentacles (Abyss:3)
3522 creatures vanquished.

Vanquished Creatures (collateral kills)
  Antaeus (Coc:7)
  A quicksilver dragon (Vaults:5)
  Kirke (D:13)
  A storm dragon (Vaults:5)
  Roxanne (Snake:3)
  A nagaraja (Snake:4)
  A frost giant (Vaults:5)
  A reaper (Pan)
  A cacodemon (Pan)
  A demonspawn blood saint (Pan)
  A stone giant (Vaults:5)
  A bennu (Tomb:3)
  A deep elf death mage (Vaults:5)
  3 blizzard demons (Pan)
  2 ettins (Vaults:5)
  3 ragged hierophants (Desolation)
  4 green deaths
  A mummy priest (Tomb:3)
  19 vault guards (Vaults:5)
  A peacekeeper (Desolation)
  A servant of whispers (Desolation)
  7 hydras (Swamp:4)
  2 ogre magi (Orc:2)
  An alligator (Swamp:2)
  A boulder beetle (D:12)
  5 two-headed ogres
  A dancing weapon (Elf:1)
  An orc high priest (Elf:2)
  16 death scarabs (Tomb:3)
  2 hell hogs (Hell)
  An occultist (D:15)
  2 naga sharpshooters
  2 soul eaters (Hell)
  3 sun demons
  10 hell knights
  A sixfirhy (Hell)
  A salamander mystic (Snake:4)
  A skeletal warrior (D:14)
  3 swamp dragons (Swamp:4)
  A naga ritualist (Snake:3)
  An ironbound convoker (Vaults:5)
  2 deep elf zephyrmancers (Elf:1)
  6 necromancers
  A wolf spider (Vaults:5)
  A cyclops (D:13)
  4 deep elf pyromancers
  4 salamanders (Snake:3)
  A manticore (D:14)
  An elephant (Gauntlet)
  A kobold blastminer (Orc:2)
  A guardian serpent (Snake:4)
  3 black mambas
  A molten gargoyle (Desolation)
  A naga mage (Snake:1)
  A gargoyle (D:13)
  An orange demon (Hell)
  4 guardian mummies (Tomb:3)
  A hellwing (Pan)
  A troll (Orc:2)
  A hornet (Swamp:2)
  A harpy zombie (Tomb:3)
  5 saltlings (Desolation)
  A tyrant leech (Swamp:2)
  A glass eye (Pan)
  A slime creature (D:12)
  A spriggan (Swamp:2)
  A fire elemental (Elf:1)
  2 hogs (D:13)
  4 neqoxecs (Pan)
  A chaos spawn (Pan)
  5 nagas
  3 swamp worms (Swamp:2)
  A warg (Orc:2)
  A water moccasin (Lair:5)
  4 swamp drakes (Swamp:4)
  3 orc warriors
  9 ogres (Orc:2)
  An orc wizard (Orc:2)
  A white imp (Gauntlet)
  5 orcs
196 creatures vanquished.

Vanquished Creatures (others)
  Geryon (Hell)
  An Executioner (Pan)
  A reaper (Hell)
  3 ironbound preservers (Vaults:5)
  The ghost of zdzicho121 the Earth Mage, a journeyman GrEE of Gozag (Orc:2)
  2 hydras (Swamp:4)
  2 vault guards (Vaults:5)
  An ogre mage (Vaults:5)
  11 death scarabs (Tomb:3)
  A hell hog (Hell)
  A naga sharpshooter (Snake:2)
  A demonic crawler (Hell)
  A hell knight (Hell)
  A sun demon (Pan)
  A shadow wraith (Tar:2)
  2 sixfirhies (Pan)
  A swamp dragon (Swamp:4)
  A hellion (Pan)
  2 guardian mummies (Tomb:3)
  An iron dragon simulacrum (Coc:5)
  2 ynoxinuls (Pan)
  A swamp drake (Swamp:4)
  2 orcs (D:10)
  13 ball lightnings (Depths:2)
  A creeping inferno (Hell)
  6 foxfires
  2 starspawn tentacles (Abyss:2)
63 creatures vanquished.

Grand Total: 3781 creatures vanquished

Notes
Turn   | Place    | Note
-------+----------+-------------------------------------------
     0 | D:5      | Jannitor the Vine Stalker Delver began the quest for the
                  | Orb.
     0 | D:5      | Reached XP level 1. HP: 11/11 MP: 2/2
    94 | D:4      | Noticed an ogre
   110 | D:4      | Reached XP level 2. HP: 16/16 MP: 3/3
   117 | D:4      | Noticed an ogre
   141 | D:3      | Found a runed translucent gate.
   190 | D:3      | Found a runed translucent gate.
   190 | D:3      | Found a runed translucent gate.
   190 | D:3      | Noticed jotaen's ghost (amateur MiFi)
   362 | D:3      | Reached XP level 3. HP: 16/20 MP: 4/4
   527 | D:3      | Noticed Robin
   548 | D:3      | Killed Robin
   631 | D:3      | Found an ancient bone altar of Kikubaaqudgha.
   783 | D:2      | Reached XP level 4. HP: 21/24 MP: 5/5
  2053 | D:2      | Noticed Sigmund
  2078 | D:2      | Killed Sigmund
  2079 | D:2      | Reached skill level 7 in Stealth
  2079 | D:2      | Reached XP level 5. HP: 28/29 MP: 6/6
  2079 | D:2      | Reached XP level 6. HP: 32/33 MP: 7/7
  2853 | D:5      | Found an ornate altar of the Wu Jian Council.
  3066 | D:5      | Noticed Grinder
  3158 | D:5      | Noticed Ijyb
  3159 | D:5      | Found a radiant altar of Vehumet.
  3165 | D:5      | Killed Ijyb
  3386 | D:5      | Reached XP level 7. HP: 37/37 MP: 8/8
  4296 | D:6      | Reached skill level 8 in Stealth
  4363 | D:6      | Gained mutation: You have razor-sharp teeth. [Vine Stalker
                  | growth]
  4363 | D:6      | Reached XP level 8. HP: 42/42 MP: 9/9
  4366 | D:6      | Learned a level 2 spell: Jinxbite
  4497 | D:6      | Found Buuriwoc's Jewellery Boutique.
  4571 | D:6      | Found an iron altar of Okawaru.
  4576 | D:6      | Reached skill level 5 in Fighting
  4594 | D:6      | Reached skill level 1 in Spellcasting
  4594 | D:6      | Reached skill level 1 in Hexes
  5039 | D:7      | Found a staircase to the Ecumenical Temple.
  5060 | Temple   | Entered the Ecumenical Temple
  5091 | Temple   | Became a worshipper of Ashenzari the Shackled
  5226 | D:7      | Reached skill level 9 in Stealth
  5231 | D:7      | Reached skill level 5 in Short Blades
  5307 | D:7      | Reached XP level 9. HP: 47/47 MP: 13/13
  5453 | D:7      | Found a blossoming altar of Fedhas.
  5503 | D:7      | Found a stormy altar of Qazlal.
  5545 | D:7      | Found a bloodstained altar of Trog.
  5575 | D:7      | Identified the +2 chain mail "Hero's Friend" {Drain rPois
                  | MP+9}
  5604 | D:7      | Found a runed translucent door.
  5624 | D:7      | Found a basalt altar of Yredelemnul.
  5707 | D:7      | Reached skill level 5 in Dodging
  6016 | D:7      | HP: 2/48 [killer bee (6)]
  6234 | D:8      | Got the Handbook of the Destructive Congregation
  6332 | D:8      | Found a glowing silver altar of Zin.
  6381 | D:8      | Found a shimmering blue altar of Sif Muna.
  6489 | D:8      | Noticed a cyclops
  6603 | D:8      | Found Qeuzed's Antique Weapon Shoppe.
  6635 | D:8      | Noticed Maggie
  6639 | D:8      | Found Anohinow's Assorted Antiques.
  6652 | D:8      | Killed Maggie
  6653 | D:8      | Reached skill level 10 in Stealth
  6653 | D:8      | Reached XP level 10. HP: 51/53 MP: 14/16
  6673 | D:8      | Bought a scroll labelled TUDUSIX ZIDACE for 33 gold pieces
  6673 | D:8      | Bought a scroll labelled TUDUSIX ZIDACE for 33 gold pieces
  6754 | D:8      | Reached skill level 1 in Evocations
  6859 | D:9      | Noticed a two-headed ogre
  7028 | D:9      | Learned a level 3 spell: Confusing Touch
  7028 | D:9      | Found a staircase to the Orcish Mines.
  7028 | D:9      | Found Gixzoel's Armour Shoppe.
  7050 | D:9      | Bought a +1 pair of gloves of dexterity for 264 gold pieces
  7183 | D:9      | Found a runed translucent gate.
  7184 | D:9      | Found a runed translucent gate.
  7185 | D:9      | Found a runed translucent gate.
  7186 | D:9      | Noticed pzskc383's ghost (novice GrFi)
  7349 | D:9      | Killed a two-headed ogre
  7350 | D:9      | Reached skill level 1 in Armour
  7369 | D:9      | Found a shimmering altar of Xom.
  7539 | D:9      | Found a white marble altar of Elyvilon.
  7549 | D:9      | Paralysed by a hornet for 1 turns
  7643 | D:9      | Found a viscous altar of Jiyva.
  7662 | D:10     | Entered Level 10 of the Dungeon
  7662 | D:10     | Found a snail-covered altar of Cheibriados.
  7670 | D:10     | Reached * piety under Ashenzari
  8084 | D:10     | Noticed a kobold demonologist
  8089 | D:10     | Killed a kobold demonologist
  8101 | D:10     | Noticed a two-headed ogre
  8118 | D:10     | Killed a two-headed ogre
  8119 | D:10     | Reached skill level 5 in Spellcasting
  8119 | D:10     | Reached skill level 5 in Hexes
  8121 | D:10     | Reached XP level 11. HP: 60/60 MP: 20/20
  8221 | D:10     | Noticed a two-headed ogre
  8224 | D:10     | Found a flagged portal.
  8237 | D:10     | Killed a two-headed ogre
  8238 | D:10     | Reached skill level 11 in Stealth
  8244 | Bailey   | Entered a bailey
  8382 | Bailey   | Noticed an orc knight
  8395 | Bailey   | Killed an orc knight
  8857 | D:10     | Identified the +2 quarterstaff of Exchange {flame, Will+
                  | Int+6}
  9060 | D:11     | Noticed a green ugly thing
  9075 | D:11     | Killed a green ugly thing
  9102 | D:11     | Noticed a cyclops
  9127 | D:11     | Killed a cyclops
  9246 | D:11     | Noticed Grum
  9301 | D:11     | Killed Grum
  9407 | D:11     | Found a transporter.
  9407 | D:11     | Found Palir's Distillery.
  9431 | D:11     | Noticed Sonja
  9435 | D:11     | Sonja changed into Sonja the hog
  9435 | D:11     | Noticed Sonja
  9446 | D:11     | Killed Sonja the hog
  9465 | D:11     | Reached ** piety under Ashenzari
  9645 | D:11     | Noticed a sun demon
  9777 | D:11     | Found a transporter.
  9777 | D:11     | Noticed a thrashing horror
  9777 | D:11     | Identified the ring of Life {Slay+2 SInv}
  9783 | D:11     | Found a transporter.
  9858 | D:11     | Found a staircase to the Lair.
  9884 | D:11     | Reached XP level 12. HP: 65/65 MP: 23/23
  9930 | D:11     | Found a transporter.
 10336 | D:11     | Found a corrupted altar of Lugonu.
 10386 | Lair:1   | Entered Level 1 of the Lair of Beasts
 10605 | Lair:1   | Learned a level 5 spell: Summon Mana Viper
 10733 | Lair:1   | Reached skill level 12 in Stealth
 10774 | Lair:1   | You are sucked into a shaft and drop 1 floor!
 10774 | Lair:2   | Noticed a death yak
 10774 | Lair:2   | Noticed a death yak
 10774 | Lair:2   | Noticed a death yak
 10774 | Lair:2   | Noticed a death yak
 10797 | Lair:1   | Killed a death yak
 10811 | Lair:1   | Killed a death yak
 11152 | Lair:1   | Reached skill level 5 in Evocations
 11617 | Lair:2   | Identified the +5 leather armour "Gem Reos" {rF+ Str+4}
 11626 | Lair:2   | Reached XP level 13. HP: 70/70 MP: 26/26
 11935 | Lair:2   | Reached skill level 5 in Armour
 12177 | Lair:2   | Found a staircase to the Swamp.
 12420 | Lair:2   | Found a staircase to the Snake Pit.
 13090 | Lair:3   | Reached skill level 13 in Stealth
 13663 | Lair:3   | Reached *** piety under Ashenzari
 13896 | Lair:4   | Noticed Rupert
 14011 | Lair:4   | Reached XP level 14. HP: 79/79 MP: 29/29
 14297 | Lair:4   | Reached skill level 1 in Summonings
 14307 | Lair:4   | Reached **** piety under Ashenzari
 14544 | Lair:5   | Entered Level 5 of the Lair of Beasts
 14800 | Orc:1    | Entered Level 1 of the Orcish Mines
 15072 | Orc:1    | Found Geclaudoa's General Store.
 15100 | Orc:1    | Bought a scroll of enchant armour for 90 gold pieces
 15247 | Orc:1    | Found a transporter.
 15254 | Orc:1    | Found a transporter.
 15374 | Orc:1    | Found a bloodstained altar of Trog.
 15374 | Orc:1    | Identified the +2 executioner's axe of Quick Expedience
                  | {antimagic, rPois}
 15374 | Orc:1    | Identified the +13 crystal plate armour "Oseirueqe" {Dex+3}
 15511 | Orc:2    | Entered Level 2 of the Orcish Mines
 15782 | Orc:2    | Found a staircase to the Elven Halls.
 15955 | Orc:2    | Found Fopreipp's Assorted Antiques.
 15956 | Orc:2    | Found Paxa's General Store.
 15956 | Orc:2    | Found Likhaac's Weapon Boutique.
 15956 | Orc:2    | Found Keinast's Antique Armour Emporium.
 16202 | Orc:2    | Noticed Jorgrun
 16209 | Orc:2    | Killed Jorgrun
 16210 | Orc:2    | Reached skill level 14 in Stealth
 16264 | Orc:2    | Found a runed translucent gate.
 16264 | Orc:2    | Found a runed translucent gate.
 16264 | Orc:2    | Found a runed translucent gate.
 16284 | Orc:2    | Noticed zdzicho121's ghost (journeyman GrEE)
 16335 | Orc:2    | Found Giron's Armour Emporium.
 16508 | D:9      | Identified the +2 quarterstaff of Exchange {flame, Will+
                  | Int+6}
 16924 | D:12     | Reached XP level 15. HP: 86/86 MP: 31/31
 17310 | D:12     | Reached skill level 10 in Fighting
 17672 | D:13     | Noticed Kirke
 17695 | D:13     | Killed Kirke
 18404 | D:14     | Found Bakhill's Antique Armour Emporium.
 18615 | D:14     | Reached skill level 10 in Short Blades
 18848 | D:14     | Found Enonwaun's Magic Scroll Shop.
 18857 | D:14     | Bought a scroll of acquirement for 884 gold pieces
 18861 | D:14     | Acquired 381 gold pieces
 18934 | D:14     | Found Nuahim's Antique Armour Emporium.
 18952 | D:14     | Bought a shiny helmet for 202 gold pieces
 19215 | D:14     | Found a gate to the Vaults.
 19275 | D:14     | Found Weyd's Armour Boutique.
 19301 | D:14     | Found Lamaogh's Armour Emporium.
 19500 | D:15     | Entered Level 15 of the Dungeon
 19549 | D:15     | Found a gate leading to a gauntlet.
 19558 | Gauntlet | Entered a Gauntlet
 19558 | Gauntlet | Identified the ring of Palewa {AC+4 Dex-4 SInv Stlth+}
 19558 | Gauntlet | Found a transporter.
 19558 | Gauntlet | Found a transporter.
 19574 | Gauntlet | Found a transporter.
 19578 | Gauntlet | Found a transporter.
 19580 | Gauntlet | Found a large runed translucent door.
 19581 | Gauntlet | Found a large runed translucent door.
 19582 | Gauntlet | Found a large runed translucent door.
 19582 | Gauntlet | Found a large runed translucent door.
 19582 | Gauntlet | Found a runed translucent door.
 19582 | Gauntlet | Found a runed translucent door.
 19583 | Gauntlet | Found a large runed translucent door.
 19584 | Gauntlet | Found a large runed translucent door.
 19585 | Gauntlet | Found a large runed translucent door.
 19585 | Gauntlet | Found a large runed translucent door.
 19586 | Gauntlet | Found a runed translucent gate.
 19586 | Gauntlet | Found a runed translucent gate.
 19586 | Gauntlet | Found a runed translucent gate.
 19588 | Gauntlet | Found a transporter.
 19592 | Gauntlet | Found a transporter.
 19602 | Gauntlet | Found a transporter.
 19602 | Gauntlet | Identified the ring "Udiuqeb" {Fire Drain rElec SInv
                  | Stlth+}
 19623 | Gauntlet | Found a transporter.
 19625 | Gauntlet | Identified the orb "Senoroa" {mayhem, rPois MP-9 Conj}
 19642 | Gauntlet | Found a transporter.
 19644 | Gauntlet | Found a transporter.
 19644 | Gauntlet | Identified the +2 troll leather armour of the Six Xenops
                  | {Drain Regen+ Slay+6}
 19654 | Gauntlet | Found a transporter.
 19658 | Gauntlet | Found a transporter.
 19694 | Gauntlet | Found a large runed translucent door.
 19695 | Gauntlet | Found a large runed translucent door.
 19696 | Gauntlet | Found a large runed translucent door.
 19696 | Gauntlet | Found a large runed translucent door.
 19697 | Gauntlet | Found a large runed translucent door.
 19698 | Gauntlet | Found a large runed translucent door.
 19699 | Gauntlet | Found a large runed translucent door.
 19699 | Gauntlet | Found a large runed translucent door.
 19939 | Gauntlet | Identified the +7 rapier of Conversion {drain, rF+ Dex+3}
 20183 | D:15     | Found the +8 Wrath of Trog {antimagic, *Rage Rampage}
 20309 | D:15     | Reached skill level 1 in Shields
 20722 | D:15     | Reached XP level 16. HP: 91/91 MP: 31/31
 20727 | D:15     | Found a staircase to the Depths.
 20734 | D:15     | Reached skill level 15 in Stealth
 20739 | D:15     | Reached skill level 10 in Hexes
 21531 | Lair:5   | Identified the +1 mace of Evolution {freeze, Dex+5}
 21531 | Lair:5   | Identified the +8 trident "Jannitor's Curse" {freeze, rPois
                  | Int+5 SInv}
 21532 | Lair:5   | Identified the staff of the Pits of Slime {Dex+7 Conj}
 21546 | Lair:5   | Reached skill level 10 in Dodging
 21546 | Lair:5   | Reached XP level 17. HP: 96/96 MP: 32/32
 21745 | Lair:5   | Found a staircase to the Slime Pits.
 21941 | Lair:5   | Reached ***** piety under Ashenzari
 22242 | Snake:1  | Entered Level 1 of the Snake Pit
 22297 | Snake:1  | Noticed Asterion
 22316 | Snake:1  | Killed Asterion
 22871 | Snake:1  | Found Tiodghio's Assorted Antiques.
 22875 | Snake:1  | Learned a level 2 spell: Passwall
 22930 | Snake:2  | Noticed Vashnia
 22978 | Snake:2  | Reached skill level 1 in Transmutations
 22978 | Snake:2  | Reached skill level 1 in Earth Magic
 23156 | Snake:2  | Found Leatweq's Assorted Antiques.
 23156 | Snake:2  | Found Iwiuggaf's Book Boutique.
 23160 | Snake:2  | Found Sihanit's Antique Armour Shop.
 23203 | Snake:2  | Reached skill level 16 in Stealth
 23240 | Snake:2  | Reached XP level 18. HP: 102/102 MP: 34/34
 23529 | Snake:2  | Killed Vashnia
 23946 | Snake:3  | Reached ****** piety under Ashenzari
 24105 | Snake:3  | Noticed Roxanne
 24119 | Snake:3  | Killed Roxanne
 24912 | Snake:4  | Entered Level 4 of the Snake Pit
 25573 | Snake:4  | Found Qan Qies's Antique Armour Shoppe.
 25937 | Snake:4  | Identified the serpent talisman "Cues" {Will++}
 25937 | Snake:4  | Noticed Aizul
 26101 | Snake:4  | Reached skill level 10 in Evocations
 26233 | Snake:4  | Killed Aizul
 26300 | Snake:4  | Got a serpentine rune of Zot
 26502 | Elf:1    | Entered Level 1 of the Elven Halls
 26510 | Elf:1    | Reached XP level 19. HP: 108/111 MP: 33/36
 26523 | Elf:1    | Found a crumbling gateway.
 26560 | Desolati | Entered the Desolation of Salt
 26822 | Desolati | Identified the +10 spear "Esait" {spect, rF+ Str+4}
 26852 | Desolati | Identified Sif Muna's Lectures on the Union and Envenoming
 26853 | Desolati | Identified the +5 flail of Equivalence {flame, rPois Str+3}
 26892 | Desolati | Reached skill level 17 in Stealth
 27256 | Desolati | Reached skill level 5 in Transmutations
 27261 | Desolati | Reached skill level 5 in Earth Magic
 27310 | Desolati | Identified the Book of Indurated Vicissitude
 27612 | Desolati | Identified the ring "Neynyna Jise" {Drain Fly rCorr Stlth+}
 27613 | Desolati | Identified Sif Muna's Monograph on Calorific Haze
 27623 | Desolati | Learned a level 5 spell: Silence
 28038 | Elf:1    | Reached skill level 1 in Air Magic
 28094 | Elf:1    | Noticed Louise
 28110 | Elf:1    | Killed Louise
 28121 | Elf:1    | Paralysed by an air elemental for 1 turns
 28125 | Elf:1    | Paralysed by an air elemental for 1 turns
 28394 | Elf:1    | Paralysed by an air elemental for 1 turns
 28453 | Elf:1    | Acquired 463 gold pieces
 28626 | Snake:1  | Bought the +8 pair of quick blades "Gyre" and "Gimble"
                  | {protect} for 1950 gold pieces
 28626 | Snake:1  | Found the +8 pair of quick blades "Gyre" and "Gimble"
                  | {protect}
 29340 | Elf:2    | Reached XP level 20. HP: 111/116 MP: 37/37
 29444 | Elf:2    | Found Jiaxagesy's Antique Weapon Boutique.
 29570 | Elf:2    | Found a runed translucent gate.
 29570 | Elf:2    | Found a runed translucent gate.
 29574 | Elf:2    | Found a runed translucent gate.
 29766 | Elf:2    | Learned a level 4 spell: Vhi's Electric Charge
 29818 | Elf:3    | Entered Level 3 of the Elven Halls
 30316 | Elf:3    | Reached skill level 1 in Translocations
 30321 | Elf:3    | Reached skill level 18 in Stealth
 30995 | Elf:3    | Identified the +1 long sword "Biynn" {venom, rN+ Dex+2}
 31228 | Elf:3    | Upgraded the game from 0.31-a0-1163-gcee99d1eea to
                  | 0.31-a0-1169-gd935f9fcdc
 31317 | Elf:3    | Identified the +9 crystal plate armour of Inevitability
                  | {-Cast rCorr Str+3}
 31332 | Elf:2    | Paralysed by an air elemental for 1 turns
 31385 | Elf:3    | Identified the ring "Mizoxzuwn" {rCorr EV+5 Dex+5}
 31573 | Elf:3    | Identified the ring of Ozim Huo {*Slow rPois rC+ Slay+5
                  | Stlth+}
 31687 | Elf:3    | Identified the +1 mace of Breach {heavy, +Blink}
 31784 | Elf:3    | Identified the staff of Vyt Doje {Contam Will+ Int+4 Conj}
 31792 | Elf:3    | Reached skill level 5 in Air Magic
 31805 | Elf:3    | Identified the +1 cloak of the Hanged Man {Rampage MP+9
                  | Str+3 Int+2}
 31893 | Elf:3    | Identified the +9 dagger of the Unspeakable One {heavy, rC+
                  | Int+2 SInv}
 31897 | Elf:3    | Identified the Information on the Forceful Crevasse
 32155 | Vaults:1 | Entered Level 1 of the Vaults
 32753 | Vaults:1 | Reached XP level 21. HP: 122/122 MP: 38/38
 33411 | Vaults:2 | Found a staircase to the Crypt.
 33832 | Vaults:2 | Reached skill level 5 in Translocations
 33871 | Vaults:2 | Reached skill level 19 in Stealth
 34165 | Vaults:2 | Noticed a dread lich
 34166 | Vaults:2 | Found a runed translucent gate.
 34167 | Vaults:2 | Found a runed translucent gate.
 34167 | Vaults:2 | Found a runed translucent gate.
 34167 | Vaults:2 | Found an ancient bone altar of Kikubaaqudgha.
 34167 | Vaults:2 | Noticed a dread lich
 34167 | Vaults:2 | Identified the ring "Tisautam" {Fly Str+3 Dex+6}
 34167 | Vaults:2 | Identified Kikubaaqudgha's Octavo of Bodies
 34167 | Vaults:2 | Noticed Muvus's ghost (adept DsFi)
 34168 | Vaults:2 | Identified the +1 pair of gloves of the Furies {Int+4
                  | Dex+3}
 34829 | Vaults:3 | Identified the +0 trident of Huqyebb {vamp, *Noise rF+
                  | Will+ Int+3}
 35000 | Vaults:3 | Reached XP level 22. HP: 66/130 MP: 40/40
 35137 | Vaults:3 | Found a runed translucent gate.
 35137 | Vaults:3 | Found a runed translucent gate.
 35138 | Vaults:3 | Found a runed translucent gate.
 35138 | Vaults:3 | Noticed confidenceinterval's ghost (adept OgGl)
 35138 | Vaults:3 | Noticed a golden dragon
 35143 | Vaults:3 | Identified the +0 helmet of the Stone Wall {+Blink rF+
                  | Dex+4 Stlth-}
 35143 | Vaults:3 | Found the +18 shield of the Gong {Loud rN+ Will+ rCorr
                  | EV-5}
 36027 | Vaults:4 | Reached skill level 20 in Stealth
 36246 | Vaults:4 | Found Offexu's Magic Scroll Boutique.
 36450 | Vaults:4 | Found Wooluy's Weapon Emporium.
 36622 | Vaults:4 | Reached skill level 10 in Spellcasting
 37442 | Swamp:1  | Entered Level 1 of the Swamp
 37633 | Swamp:1  | Noticed Frances
 37635 | Swamp:1  | Killed Frances
 37865 | Swamp:1  | Learned a level 8 spell: Discord
 38490 | Swamp:3  | Reached skill level 15 in Fighting
 38893 | Swamp:4  | Entered Level 4 of the Swamp
 39090 | Swamp:4  | Reached XP level 23. HP: 137/137 MP: 43/43
 39133 | Swamp:4  | Noticed the 27-headed Lernaean hydra
 39170 | Swamp:4  | Got a decaying rune of Zot
 39201 | Swamp:3  | Learned a level 4 spell: Dispel Undead
 39455 | Depths:1 | Entered Level 1 of the Depths
 39461 | Depths:1 | Found an opulent altar of Gozag.
 39478 | Depths:1 | Found Qot Wucue's Book Shoppe.
 39478 | Depths:1 | Found Qouprex's Jewellery Boutique.
 39479 | Depths:1 | Found Emesch's Book Shoppe.
 39490 | Depths:1 | Bought a book of Misfortune for 504 gold pieces
 39498 | Depths:1 | Learned a level 7 spell: Enfeeble
 39504 | Depths:1 | Learned a level 5 spell: Yara's Violent Unravelling
 39595 | Depths:1 | Reached skill level 21 in Stealth
 39619 | Depths:1 | Found a gateway to Hell.
 39923 | Depths:1 | Bought a manual of Fighting for 1120 gold pieces
 40008 | Depths:2 | Identified Totaaloa's Secrets of Accompaniment and the
                  | Coward
 40128 | Depths:2 | Paralysed by an air elemental for 1 turns
 40246 | Depths:2 | Found the +8 longbow "Zephyr" {speed, Dex+3 SInv}
 40288 | Depths:2 | Found the +7 Spriggan's Knife {stab, EV+4 Stlth+}
 40289 | Depths:2 | Identified the +0 robe of Action {*Slow Dex+3 Slay+2}
 40319 | Depths:2 | Identified the amulet of Osyl {Faith rN+ Int+3 Dex-4}
 40365 | Depths:2 | Found a one-way gateway to a ziggurat.
 40441 | Depths:2 | Found a one-way gate leading to the halls of Pandemonium.
 40479 | Depths:2 | Found a one-way gate to the infinite horrors of the Abyss.
 40479 | Depths:2 | Identified the ring "Vuptijis" {rPois Str+3}
 40804 | Depths:3 | Found a runed translucent door.
 40814 | Depths:3 | Found a runed translucent door.
 40838 | Depths:3 | Found a runed translucent door.
 40838 | Depths:3 | Noticed a golden dragon
 40876 | Depths:3 | Found a blossoming altar of Fedhas.
 41228 | Depths:3 | Noticed a golden dragon
 41234 | Depths:3 | Killed a golden dragon
 41235 | Depths:3 | Reached XP level 24. HP: 144/144 MP: 44/44
 41468 | Depths:3 | Identified the amulet "Wyifuten" {RegenMP Fragile Fly
                  | rCorr}
 41470 | Depths:3 | Identified the amulet "Haunag" {Acrobat rF++ rCorr Int-5
                  | SInv}
 41481 | Depths:3 | Identified the ring "Jygibelo" {Will+ rCorr Str+3}
 41484 | Depths:3 | Identified the ring of Cumasefe {rC+ rCorr Str+2}
 41693 | Depths:4 | Entered Level 4 of the Depths
 41811 | Depths:4 | Found a gate to the Realm of Zot.
 42028 | Depths:4 | Noticed an ancient lich
 42028 | Depths:4 | Identified the Folio of Last Rites
 42041 | Depths:4 | Killed an ancient lich
 42930 | Vaults:5 | Entered Level 5 of the Vaults
 42930 | Vaults:5 | Noticed an ancient lich
 42932 | Vaults:5 | Reached skill level 22 in Stealth
 42936 | Vaults:5 | Killed an ancient lich
 42979 | Vaults:5 | Noticed an ancient lich
 42982 | Vaults:5 | Identified the +8 long sword of Zaz Apt {drain, Dex+4}
 42988 | Vaults:5 | Killed an ancient lich
 43000 | Vaults:5 | Reached skill level 15 in Hexes
 43002 | Vaults:5 | Identified the +6 arbalest of Impermanence {flame, MP-9
                  | Int+2 Dex+3 Stlth+}
 43005 | Vaults:5 | Reached skill level 15 in Dodging
 43033 | Vaults:5 | Noticed a dread lich
 43038 | Vaults:5 | Killed a dread lich
 43043 | Vaults:5 | Identified the +0 ring mail of Okawaru's Envy {rC+}
 43049 | Vaults:5 | Noticed a dread lich
 43065 | Vaults:5 | Identified Kouhyixt's Codex of Befouled Nephomancy
 43066 | Vaults:5 | Identified the staff of Jiololih {rF+ Int+4 Fire}
 43067 | Vaults:5 | Reached XP level 25. HP: 106/151 MP: 45/45
 43092 | Vaults:5 | Killed a dread lich
 43093 | Vaults:5 | Reached skill level 15 in Evocations
 43270 | Vaults:5 | Got a silver rune of Zot
 43689 | Vaults:5 | Found Bisol's Distillery.
 43707 | Vaults:5 | Bought a potion of might for 72 gold pieces
 43707 | Vaults:5 | Bought a potion of haste for 180 gold pieces
 43707 | Vaults:5 | Bought a potion of curing for 54 gold pieces
 43707 | Vaults:5 | Bought a potion of curing for 54 gold pieces
 43707 | Vaults:5 | Bought a potion of resistance for 180 gold pieces
 43784 | Vaults:5 | Reached skill level 1 in Shapeshifting
 43792 | Vaults:5 | Found Duuvodgh's Distillery.
 44433 | Crypt:1  | Entered Level 1 of the Crypt
 44651 | Crypt:1  | Reached skill level 5 in Shapeshifting
 45851 | Crypt:2  | Noticed Jory
 45859 | Crypt:2  | Killed Jory
 45943 | Crypt:3  | Entered Level 3 of the Crypt
 46076 | Crypt:3  | Reached XP level 26. HP: 158/158 MP: 46/46
 46080 | Crypt:3  | Found an ancient bone altar of Kikubaaqudgha.
 46132 | Crypt:3  | Noticed Frederick
 46141 | Crypt:3  | Killed Frederick
 46185 | Crypt:3  | Reached skill level 10 in Shapeshifting
 46225 | Crypt:3  | Found a staircase to the Tomb.
 46225 | Crypt:3  | Identified Peextoal's Elucidation of Shades
 46225 | Crypt:3  | Noticed Khufu
 46230 | Crypt:3  | Killed Khufu
 46562 | Crypt:3  | Identified the +7 chain mail of the Falcon {rN+ Str+4 Int+2
                  | Dex-3}
 46781 | Crypt:3  | Found the brooch of Shielding {Spirit SH+8}
 47113 | D:8      | Identified the ring "Gaumirch" {rF+ rC+ rN+ Str+6}
 47129 | D:8      | Found a shadowy altar of Dithmenos.
 47370 | D:3      | Killed jotaen's ghost
 47546 | D:5      | Killed Grinder
 47913 | D:9      | Killed pzskc383's ghost
 48172 | Lair:4   | Killed Rupert
 48342 | Orc:1    | Found a runed translucent door.
 48462 | Orc:2    | Killed zdzicho121's ghost
 49215 | Vaults:2 | Killed a dread lich
 49216 | Vaults:2 | Killed a dread lich
 49232 | Vaults:2 | Killed Muvus's ghost
 49382 | Vaults:3 | Killed confidenceinterval's ghost
 49756 | Depths:2 | Voluntarily entered the Abyss.
 50007 | Abyss:1  | Found a snail-covered altar of Cheibriados.
 50047 | Abyss:1  | Reached skill level 15 in Shapeshifting
 50055 | Abyss:1  | Found a snail-covered altar of Cheibriados.
 50090 | Abyss:1  | Found a corrupted altar of Lugonu.
 50092 | Abyss:1  | Found a corrupted altar of Lugonu.
 50092 | Abyss:1  | Found a corrupted altar of Lugonu.
 50116 | Abyss:1  | Found a corrupted altar of Lugonu.
 50128 | Abyss:1  | Found a corrupted altar of Lugonu.
 50176 | Abyss:1  | Found a corrupted altar of Lugonu.
 50334 | Abyss:3  | Reached XP level 27. HP: 159/159 MP: 44/44
 50373 | Abyss:3  | Found a shimmering altar of Xom.
 50373 | Abyss:3  | Found a corrupted altar of Lugonu.
 50382 | Abyss:3  | Got an abyssal rune of Zot
 50386 | Depths:2 | Escaped the Abyss
 50402 | Depths:2 | Identified the cursed +2 pair of boots "Ensconced With Me"
                  | {Fly, Melee, Comp} (You found it on level 1 of the Dungeon)
 50822 | Slime:1  | Entered Level 1 of the Pits of Slime
 50944 | Slime:5  | Entered Level 5 of the Pits of Slime
 50965 | Slime:5  | Identified the +1 mace of Karma {freeze, rElec rC+ Str+3}
 51152 | Slime:5  | Identified the +3 war axe of the Singing Jester {pain,
                  | rN++}
 51305 | Slime:5  | Learned a level 5 spell: Arcjolt
 51341 | Slime:5  | Found a viscous altar of Jiyva.
 51429 | Slime:5  | Noticed the Royal Jelly
 51435 | Slime:5  | Killed the Royal Jelly
 51579 | Slime:5  | Got a slimy rune of Zot
 51776 | Slime:5  | Identified the amulet "Halor" {Spirit *Slow rCorr Dex+3}
 51776 | Slime:5  | Identified Sif Muna's Almanac of Iron Resurrection
 52197 | Hell     | Entered the Vestibule of Hell
 52197 | Hell     | Noticed Geryon
 52205 | Hell     | Noticed Murray
 52222 | Depths:1 | Killed Murray
 52236 | Hell     | Killed Geryon
 52315 | Hell     | Found a gateway to the ashen valley of Gehenna.
 52426 | Hell     | Found a gateway to the Iron City of Dis.
 52524 | Hell     | Found a gateway to the freezing wastes of Cocytus.
 52604 | Hell     | Found a gateway to the decaying netherworld of Tartarus.
 52873 | Zot:1    | Entered Level 1 of the Realm of Zot
 53733 | Pan      | Entered Pandemonium
 53863 | Pan      | Noticed Vuatheacw the pandemonium lord
 53873 | Pan      | Killed Vuatheacw the pandemonium lord
 54128 | Pan      | Identified the +0 scale mail of Responsibility {Int+3}
 54135 | Pan      | Identified the +6 scale mail of Distant Worlds {Regen+}
 54471 | Pan      | Entered the realm of Cerebov.
 54661 | Pan      | Identified the +1 scale mail of the Learner {+Inv rPois
                  | Int-3}
 54661 | Pan      | Identified the +3 trident "Raotui Jerabb" {drain, rPois rN+
                  | rCorr}
 54786 | Pan      | Identified the staff of Funtitosm {Str+4 Earth Poison}
 55072 | Pan      | Found an exit through the horrors of the Abyss.
 55377 | Pan      | Identified Sif Muna's Almanac of Voltage
 55473 | Pan      | Found the +6 sword of Cerebov {flame}
 55473 | Pan      | Noticed Cerebov
 55513 | Pan      | Killed Cerebov
 55598 | Pan      | Got a fiery rune of Zot
 55618 | Pan      | Identified the storm talisman "Ymece" {rF+}
 56209 | Pan      | Noticed Okharof the pandemonium lord
 56213 | Pan      | Killed Okharof the pandemonium lord
 56665 | Pan      | Noticed Jeru the pandemonium lord
 56694 | Pan      | Killed Jeru the pandemonium lord
 56890 | Pan      | Noticed Ignacio
 56895 | Pan      | Killed Ignacio
 56931 | Pan      | Found an exit through the horrors of the Abyss.
 57366 | Pan      | Noticed Licsask the pandemonium lord
 57399 | Pan      | Killed Licsask the pandemonium lord
 57406 | Pan      | Got a demonic rune of Zot
 57511 | Pan      | Noticed Punobaupp the pandemonium lord
 57536 | Pan      | Killed Punobaupp the pandemonium lord
 57687 | Pan      | Entered the realm of Mnoleg.
 57778 | Pan      | Gained mutation: You are vulnerable to heat. (rF-) [a
                  | cacodemon]
 57944 | Pan      | Gained mutation: Your magical capacity is low. (-10% MP) [a
                  | neqoxec]
 57945 | Pan      | Gained mutation: You sometimes lose your temper in combat.
                  | [a neqoxec]
 57954 | Pan      | Lost mutation: You sometimes lose your temper in combat.
                  | [potion of mutation]
 57954 | Pan      | Lost mutation: You are vulnerable to heat. (rF-) [potion of
                  | mutation]
 57954 | Pan      | Lost mutation: Your magical capacity is low. (-10% MP)
                  | [potion of mutation]
 57954 | Pan      | Gained mutation: Your magical capacity is low. (-10% MP)
                  | [potion of mutation]
 57954 | Pan      | Gained mutation: Your flesh is cold resistant. (rC+)
                  | [potion of mutation]
 58001 | Pan      | Gained mutation: You occasionally lose the ability to read
                  | scrolls when taking damage. [a cacodemon]
 58002 | Pan      | Gained mutation: Your health recovers twice as slowly from
                  | being drained. [a cacodemon]
 58003 | Pan      | Gained mutation: You are weak. (Str -2) [a neqoxec]
 58014 | Pan      | Lost mutation: Your magical capacity is low. (-10% MP)
                  | [potion of mutation]
 58014 | Pan      | Lost mutation: Your flesh is cold resistant. (rC+) [potion
                  | of mutation]
 58014 | Pan      | Lost mutation: You are weak. (Str -2) [potion of mutation]
 58014 | Pan      | Gained mutation: You heal very quickly. [potion of
                  | mutation]
 58014 | Pan      | Gained mutation: Your muscles are strong. (Str +4, Int/Dex
                  | -1) [potion of mutation]
 58095 | Pan      | Noticed Mnoleg
 58108 | Pan      | Killed Mnoleg
 58153 | Pan      | Got a glowing rune of Zot
 58659 | Pan      | Noticed Nalotuang the pandemonium lord
 58670 | Pan      | Killed Nalotuang the pandemonium lord
 58692 | Pan      | Entered the realm of Lom Lobon.
 58692 | Pan      | Found an exit through the horrors of the Abyss.
 58869 | Pan      | Lost mutation: You occasionally lose the ability to read
                  | scrolls when taking damage. [potion of mutation]
 58869 | Pan      | Lost mutation: Your health recovers twice as slowly from
                  | being drained. [potion of mutation]
 58869 | Pan      | Lost mutation: Your muscles are strong. (Str +4, Int/Dex
                  | -1) [potion of mutation]
 58869 | Pan      | Gained mutation: Your muscles are strong. (Str +4, Int/Dex
                  | -1) [potion of mutation]
 58980 | Pan      | Noticed Lom Lobon
 59146 | Pan      | Killed Lom Lobon
 59184 | Pan      | Got a magical rune of Zot
 59356 | Pan      | Identified the ring "Laell" {rElec rC+ Str+5 Int+3 Dex-5}
 59357 | Pan      | Found a transporter.
 59359 | Pan      | Identified the ring "Firhaes" {Will+ Stlth+}
 59684 | Pan      | Found a transporter.
 60059 | Pan      | Noticed Guletiw the pandemonium lord
 60128 | Pan      | Killed Guletiw the pandemonium lord
 60254 | Pan      | Reached skill level 23 in Stealth
 60279 | Pan      | Identified the +7 short sword of Katufaux {freeze, rC+
                  | Str+4}
 60542 | Pan      | Found an exit through the horrors of the Abyss.
 60588 | Pan      | Noticed Xecrumi the pandemonium lord
 60601 | Pan      | Killed Xecrumi the pandemonium lord
 60621 | Pan      | Entered the realm of Gloorx Vloq.
 60643 | Pan      | Learned a level 9 spell: Chain Lightning
 60653 | Pan      | Reached skill level 1 in Conjurations
 60764 | Pan      | Found an exit through the horrors of the Abyss.
 61211 | Pan      | Noticed Gloorx Vloq
 61225 | Pan      | Killed Gloorx Vloq
 61276 | Pan      | Got a dark rune of Zot
 61309 | Pan      | Reached skill level 5 in Conjurations
 61420 | Pan      | Took an exit into the Abyss.
 61420 | Abyss:3  | Escaped into the Abyss
 61421 | Abyss:3  | Found a corrupted altar of Lugonu.
 61536 | Abyss:3  | Found a corrupted altar of Lugonu.
 61563 | Abyss:3  | Found a corrupted altar of Lugonu.
 61597 | Abyss:3  | Paralysed by accursed screaming for 1 turns
 61603 | Depths:2 | Escaped the Abyss
 62008 | Tomb:1   | Entered Level 1 of the Tomb of the Ancients
 62207 | Tomb:1   | Noticed a royal mummy
 62214 | Tomb:1   | Killed a royal mummy
 62215 | Tomb:1   | Reached skill level 15 in Spellcasting
 62218 | Tomb:1   | Noticed a royal mummy
 62223 | Tomb:1   | Killed a royal mummy
 62387 | Tomb:1   | Noticed a royal mummy
 62394 | Tomb:1   | Killed a royal mummy
 62784 | Tomb:2   | Noticed a royal mummy
 62785 | Tomb:2   | Noticed a royal mummy
 62791 | Tomb:2   | Killed a royal mummy
 62799 | Tomb:2   | Noticed a royal mummy
 62804 | Tomb:2   | Killed a royal mummy
 62815 | Tomb:2   | Reached skill level 10 in Air Magic
 62818 | Tomb:2   | Killed a royal mummy
 62844 | Tomb:2   | Acquired 725 gold pieces
 62965 | Tomb:2   | Noticed a royal mummy
 62971 | Tomb:2   | Killed a royal mummy
 63159 | Tomb:1   | Noticed a royal mummy
 63160 | Tomb:1   | Noticed a royal mummy
 63160 | Tomb:1   | Noticed a royal mummy
 63160 | Tomb:1   | Noticed a royal mummy
 63160 | Tomb:1   | Noticed a royal mummy
 63161 | Tomb:1   | Killed a royal mummy
 63162 | Tomb:1   | Noticed a royal mummy
 63162 | Tomb:1   | Noticed a royal mummy
 63175 | Tomb:1   | Killed a royal mummy
 63181 | Tomb:1   | Killed a royal mummy
 63185 | Tomb:1   | Killed a royal mummy
 63195 | Tomb:1   | Killed a royal mummy
 63200 | Tomb:1   | Killed a royal mummy
 63204 | Tomb:1   | Killed a royal mummy
 63210 | Tomb:1   | Noticed a royal mummy
 63213 | Tomb:1   | Killed a royal mummy
 63215 | Tomb:1   | Noticed a royal mummy
 63219 | Tomb:1   | Killed a royal mummy
 63245 | Tomb:1   | Noticed a royal mummy
 63251 | Tomb:1   | Killed a royal mummy
 63276 | Tomb:1   | Noticed a royal mummy
 63276 | Tomb:1   | Noticed a royal mummy
 63282 | Tomb:1   | Killed a royal mummy
 63286 | Tomb:1   | Killed a royal mummy
 63287 | Tomb:1   | Noticed a royal mummy
 63289 | Tomb:1   | Noticed a royal mummy
 63292 | Tomb:1   | Killed a royal mummy
 63293 | Tomb:1   | Noticed a royal mummy
 63295 | Tomb:1   | Noticed a royal mummy
 63298 | Tomb:1   | Killed a royal mummy
 63301 | Tomb:1   | Killed a royal mummy
 63305 | Tomb:1   | Killed a royal mummy
 63331 | Tomb:1   | Noticed a royal mummy
 63338 | Tomb:1   | Killed a royal mummy
 63357 | Tomb:1   | Noticed a royal mummy
 63361 | Tomb:1   | Killed a royal mummy
 63364 | Tomb:1   | Reached skill level 10 in Conjurations
 63457 | Tomb:2   | Paralysed by a Zot trap for 3 turns
 63503 | Tomb:3   | Entered Level 3 of the Tomb of the Ancients
 63505 | Tomb:3   | Identified the +3 leather armour of Weehaas {Dex+3}
 63531 | Tomb:3   | Noticed a royal mummy
 63539 | Tomb:3   | Noticed a royal mummy
 63546 | Tomb:3   | Killed a royal mummy
 63548 | Tomb:3   | Noticed a royal mummy
 63549 | Tomb:3   | Noticed a royal mummy
 63558 | Tomb:3   | Noticed a royal mummy
 63559 | Tomb:3   | Noticed a royal mummy
 63562 | Tomb:3   | Noticed a royal mummy
 63602 | Tomb:3   | Killed a royal mummy
 63628 | Tomb:3   | Noticed a royal mummy
 63642 | Tomb:3   | Killed a royal mummy
 63645 | Tomb:3   | Noticed a royal mummy
 63653 | Tomb:3   | Killed a royal mummy
 63656 | Tomb:3   | Killed a royal mummy
 63662 | Tomb:3   | Killed a royal mummy
 63665 | Tomb:3   | Killed a royal mummy
 63668 | Tomb:3   | Killed a royal mummy
 63707 | Tomb:3   | Identified the +3 flail of the Final Decision {flame,
                  | rCorr}
 63743 | Tomb:3   | Got a golden rune of Zot
 63829 | Tomb:3   | Identified the +1 short sword of Acwosyb {venom, rF- rN++
                  | Str+3 Dex+2}
 63829 | Tomb:3   | Identified the staff of Bofa {+Blink rC+ Ice Air}
 63829 | Tomb:3   | Identified the +1 scale mail of the Stained God {rElec
                  | Int+5}
 63829 | Tomb:3   | Identified the +8 scimitar of Income {pain, rN+}
 63834 | Tomb:3   | Found the +5 glaive of the Guard {elec, spectral}
 63834 | Tomb:3   | Found the +3 pair of mountain boots {steadfast, rC+}
 63835 | Tomb:3   | Found the +13 scythe of Curses {drain, curses, Drain}
 63836 | Tomb:3   | Identified the +10 falchion "Zyiga" {elec, Will+ Str+6
                  | Dex+2}
 63844 | Tomb:3   | Identified the staff "Ugaoli" {Fly rC- rN+ Dex+7 Necro
                  | Earth}
 64617 | Hell     | Upgraded the game from 0.31-a0-1169-gd935f9fcdc to
                  | 0.31-a0-1176-gb7303255ee
 64642 | Coc:1    | Entered Level 1 of Cocytus
 65139 | Coc:6    | Reached skill level 15 in Air Magic
 65175 | Coc:7    | Entered Level 7 of Cocytus
 65248 | Coc:7    | Paralysed by a wendigo for 1 turns
 65379 | Coc:7    | Paralysed by a wendigo for 1 turns
 65672 | Coc:7    | Upgraded the game from 0.31-a0-1176-gb7303255ee to
                  | 0.31-a0-1205-g5e5e916f41
 65703 | Coc:7    | Reached skill level 15 in Conjurations
 65711 | Coc:7    | Paralysed by a wendigo for 1 turns
 65725 | Coc:7    | Noticed Antaeus
 65950 | Coc:7    | Killed Antaeus
 66064 | Coc:7    | Identified the +0 leather armour of Boredom {-Tele rPois
                  | rCorr Dex+3}
 66065 | Coc:7    | Identified the +1 robe "Namy" {rElec rCorr}
 66125 | Coc:7    | Identified the +1 longbow "Unkolopp" {flame, rC+ Will+
                  | rCorr}
 66200 | Coc:7    | Got an icy rune of Zot
 66313 | Geh:1    | Entered Level 1 of Gehenna
 66645 | Geh:2    | Noticed an ancient lich
 66656 | Geh:2    | Killed an ancient lich
 67155 | Geh:6    | Reached skill level 24 in Stealth
 67206 | Geh:7    | Entered Level 7 of Gehenna
 67403 | Geh:7    | Noticed an ancient lich
 67409 | Geh:7    | Killed an ancient lich
 67648 | Geh:7    | Found the +13 sceptre of Asmodeus
 67648 | Geh:7    | Noticed Asmodeus
 67662 | Geh:7    | Killed Asmodeus
 67663 | Geh:7    | Reached skill level 25 in Stealth
 67667 | Geh:7    | Got an obsidian rune of Zot
 67874 | Dis:1    | Entered Level 1 of the Iron City of Dis
 68354 | Dis:3    | Found a huge runed gate.
 68354 | Dis:3    | Found a huge runed gate.
 68354 | Dis:3    | Found a huge runed gate.
 68354 | Dis:3    | Found a huge runed gate.
 68354 | Dis:3    | Found a huge runed gate.
 68354 | Dis:3    | Found a huge runed gate.
 68483 | Tar:1    | Entered Level 1 of Tartarus
 68505 | Tar:1    | Learned a level 9 spell: Fire Storm
 68596 | Tar:2    | Reached skill level 1 in Fire Magic
 68605 | Tar:2    | Reached skill level 26 in Stealth
 69067 | Tar:3    | Reached skill level 5 in Fire Magic
 69115 | Tar:4    | Reached skill level 27 in Stealth
 69345 | Tar:7    | Entered Level 7 of Tartarus
 70072 | Tar:7    | Noticed Ereshkigal
 70181 | Tar:7    | Killed Ereshkigal
 70217 | Tar:7    | Got a bone rune of Zot
 70864 | Dis:5    | Noticed an ancient lich
 70871 | Dis:5    | Killed an ancient lich
 71058 | Dis:3    | Found a huge runed gate.
 71058 | Dis:3    | Found a huge runed gate.
 71058 | Dis:3    | Found a huge runed gate.
 71058 | Dis:3    | Found a huge runed gate.
 71058 | Dis:3    | Found a huge runed gate.
 71058 | Dis:3    | Found a huge runed gate.
 71059 | Dis:3    | Found a huge runed gate.
 71060 | Dis:3    | Found a huge runed gate.
 71061 | Dis:3    | Found a huge runed gate.
 71062 | Dis:3    | Found a huge runed gate.
 71208 | Dis:3    | Reached skill level 10 in Fire Magic
 71520 | Dis:6    | Demolished by a caustic shrike

Illustrated notes

Levels and vault maps discovered:
D:1:      mushboom_english_gardens, layout_basic
D:2:      layout_rooms, uniq_sigmund
D:3:      layout_basic, kiku_gazebo_garden_becter, ebering_ghost_rock_garden,
          st_stairs_7, uniq_robin
D:4:      layout_basic
D:5:      layout_gridville, nicolae_vehumet_radiance,
          mainiacjoe_overflow_24_doors, uniq_grinder, uniq_ijyb
D:6:      layout_basic, mainiacjoe_overflow_tiny_flanked, serial_shops,
          nicolae_shop_advertising_works [nicolae_subvault_shop_adworks],
          chequers_serial_rivers_marsh
D:7:      minmay_chambers_of_fours, layout_loops_ring,
          grunt_temple_overflow_forces_of_nature, mainiacjoe_overflow_boulevard,
          dk_yredelemnul_ordeal, minmay_temple_entry_overgrown,
          hangedman_decor_diamond_cutter
D:8:      layout_layer_cave, mainiacjoe_overflow_six_doors_small, zin_statuary,
          nicolae_dithmenos_shadow_blocks, serial_shops, nicolae_diamond_shop,
          kennysheep_windowed_goal, uniq_maggie
D:9:      layout_rooms, nicolae_elyvilon_temple_path,
          mainiacjoe_overflow_brackets, orc_david_3, gammafunk_ghost_ooze
D:10:     kennysheep_six_static_rooms, layout_loops_cross,
          kennysheep_slug_shrine, enter_bailey_2, serial_bayou,
          serial_bayou_shore_b, serial_bayou_pond_e, serial_bayou_lagoon_a,
          serial_bayou_ford_a
D:11:     gammafunk_corrupted_shrine, layout_grid_maze,
          grunt_lair_entry_orc_guard_hut, serial_shops, nicolae_shop_drivethru,
          uniq_grum, uniq_sonja
D:12:     layout_stronghold
D:13:     layout_irregular_city, uniq_kirke
D:14:     layout_roguey, hangedman_vaults_entry_quadrant_bands, minivault_24,
          serial_shops, shop, nicolae_shop_stone, shop,
          nicolae_shop_rolling_square, shop
D:15:     grunt_enter_depths_magical_seal, layout_grid_maze,
          gauntlet_entry_generic, nicolae_figureground_sparkle, drop_trap,
          minmay_guarded_unrand_wrath_of_trog
Temple:   nicolae_temple_bog_church
Lair:1:   layout_small_grid, grunt_forest_large_clearing_hut
Lair:2:   layout_chaotic_city, swamp_mist, minmay_snake_entry_six_corridors,
          minivault_24
Lair:3:   layout_cave_pods, grunt_forest_small_clearing_treed,
          lemuel_fruit_tree, serial_bayou_shore_b, infiniplex_staircase_pool_2,
          serial_bayou_shore_a
Lair:4:   layout_roguey, uniq_rupert
Lair:5:   gammafunk_lair_ancient_temple, layout_regular_city, slime_entry_1
Swamp:1:  layout_falls_marsh, evilmike_swamp_ruin_wall, uniq_frances
Swamp:2:  layout_basic_swamp, nicolae_swamp_tree_designs
Swamp:3:  layout_falls_marsh, evilmike_swamp_ruin_house_2
Swamp:4:  swamp, layout_basic_swamp
Snake:1:  layout_onion_interference, serial_shops, nicolae_shop_stone,
          uniq_asterion
Snake:2:  layout_grid_shapes, grunt_ministairs_5, minmay_shop_star,
          grunt_megastairs_2, uniq_vashnia
Snake:3:  layout_gridlike, uniq_roxanne
Snake:4:  grunt_snake_rune_serpentine_throne, layout_cave_town, serial_shops,
          shop, uniq_aizul
Slime:1:  layout_caves
Slime:2:  layout_caves
Slime:3:  cheibrodos_slime_lost_civilization_9, layout_caves
Slime:4:  layout_caves
Slime:5:  slime_pit_nicolae_inversion
Orc:1:    emtedronai_trogs_sanctum, layout_caves, basic_altar, serial_shops,
          nicolae_shop_waterfront, nooodl_orcs_dogs
Orc:2:    st_orc_ogre_mass, layout_diamond_mine, serial_shops,
          nicolae_shop_tiny_real_fake_doors, gammafunk_ghost_necromancy,
          statue_in_the_mist_lemuel, uniq_jorgrun
Elf:1:    elf_arrival_002, layout_geoelf_diagonals,
          portal_desolation_entry_ruin, minmay_elf_crystal_heptagon, uniq_louise
Elf:2:    nicolae_elf_blades_splatter_lattice [mumra_blade_entry_dagger],
          layout_geoelf_octagon, serial_shops, shop, abandoned_shop
Elf:3:    elf_hall, layout_geoelf_octagon
Vaults:1: v_misc_1, v_misc_1, v_misc_28, nicolae_vaults_network_periphery,
          st_spiral_rooms, ontoclasm_vaults_ligature,
          nicolae_vaults_shrinking_rooms_2, nicolae_vaults_diamond_2, v_misc_5,
          nicolae_vaults_little_squares_3, nicolae_vaults_diamond_2,
          layout_vaults_ring
Vaults:2: gammafunk_ghost_crypt, nicolae_vaults_frosty_reception,
          vaults_room_hallway, ontoclasm_vaults_eye,
          hangedman_vaults_variations, v_misc_28, nicolae_vaults_sealed_display,
          v_alt_pattern_1, nicolae_vaults_little_squares_6,
          layout_vaults_chaotic_city, dummy_crypt_entry
Vaults:3: gammafunk_ghost_split, nicolae_vaults_circle_grid_b,
          nicolae_vaults_tetromino_L_1, nicolae_vaults_stepped_doors,
          v_alt_pattern_6, ontoclasm_vaults_claustrophobia, minmay_orc_keep,
          nicolae_vaults_storage_closets_1, v_rooms_1, v_misc_19,
          vaults_room_ringed_pool, v_misc_8, vaults_room_stairs_pillars,
          nicolae_vaults_murder_corner, nicolae_vaults_diagonal_hallway_6,
          vaults_room_stairs_pillars, v_misc_9, layout_vaults_maze
Vaults:4: nicolae_vaults_statue_guard, nicolae_vaults_gold_heap,
          grunt_vaults_twisty, ontoclasm_vaults_chip,
          nicolae_vaults_closet_pinwheel_3, ontoclasm_vaults_hangar,
          nicolae_vaults_closet_pinwheel_2, nicolae_vaults_alarming,
          dpeg_vaults_monster_box, layout_vaults_quadrants, serial_shops,
          nicolae_shop_just_a_little_nook, nicolae_shop_stone
Vaults:5
Crypt:1:  layout_gridlike, nicolae_crypt_cryptocurrency, st_stairs_3,
          grunt_megastairs_1
Crypt:2:  layout_gridlike, uniq_jory
Crypt:3:  grunt_crypt_end_deaths_head, uniq_frederick
Tomb:1
Tomb:2
Tomb:3
Depths:1: layout_roguey, grunt_mini_vestibule, grunt_gozag_statues,
          serial_glass, glass_columns_b, glass_columns_b, glass_columns_b,
          glass_columns_c, feat_on_display, due_unseen_surprise,
          unseen_surprise_small, lemuel_flamethrower_3, minmay_shop_grove
Depths:2: radiant_caverns_a_rkd, hell_entry, pan_entry, abyss_entry
Depths:3: minmay_the_grid_triangle_9x9_recursive_3_mashed
          [minmay_the_grid_triangle_9x9_shrine,
          minmay_the_grid_triangle_9x9_limited_checkers,
          minmay_the_grid_triangle_9x9_zippers_horizontal,
          minmay_the_grid_triangle_9x9_prize_special,
          minmay_the_grid_triangle_9x9_swiss_cheese,
          minmay_the_grid_triangle_9x9_subtriangle,
          minmay_the_grid_triangle_9x9_stretched_checkered,
          minmay_the_grid_triangle_9x9_tough_junction,
          minmay_the_grid_triangle_9x9_odd_lines], layout_basic, hell_entry,
          abyss_entry, minmay_misc_feat_columns, infiniplex_staircase_trident
Depths:4: grunt_zot_entry_hairpin, layout_gridville, hell_entry, serial_glass,
          glass_columns_a, glass_columns_a, amcnicky_mini_rare_corridor_liquid,
          special_room [special_room_morgue], minmay_misc_feat_enclosed,
          serial_sigils_hangedman_snap
Hell
Dis:1:    layout_gridville, nicolae_dis_emergency_hatch
Dis:2:    layout_gridville
Dis:3:    layout_regular_city, door_vault
Dis:4:    layout_gridville
Dis:5:    layout_regular_city
Dis:6:    layout_gridville, lemuel_dis_dragons
Geh:1:    layout_gehenna_pools_box
Geh:2:    layout_gehenna_pools_box
Geh:3:    nicolae_hells_demon_pit, layout_gehenna_lava_caves
Geh:4:    layout_gehenna_lava_caves
Geh:5:    nicolae_geh_i_lava_good_maze [nicolae_geh_lavamaze_orthhalf_network,
          nicolae_geh_lavamaze_orthhalf_recurse]
Geh:6:    layout_gehenna_lava_caves
Geh:7:    geh_hangedman
Coc:1:    nicolae_coc_three_mouths, layout_cocytus_water_paths
Coc:2:    layout_cocytus_water_paths
Coc:3:    layout_cocytus_delve
Coc:4:    layout_ice_bergs
Coc:5:    layout_ice_bergs
Coc:6:    layout_cocytus_water_paths
Coc:7:    coc_grunt_cove [coc_grunt_cove_antaeus, coc_grunt_cove_fiend,
          coc_grunt_cove_fiend, coc_grunt_cove_fiend, coc_grunt_cove_fiend]
Tar:1:    layout_grid_maze, nicolae_tar_windowcombs
Tar:2:    nicolae_tar_fifth_circle, layout_cathedral_of_symmetry
Tar:3:    layout_grid_maze, grunt_tartarus_stairs_gauntlet_trap
Tar:4:    layout_cathedral_of_symmetry
Tar:5:    layout_cathedral_of_symmetry
Tar:6:    layout_catacombs
Tar:7:    tar_mu [tar_mu_maze]
Zot:1:    layout_basic, st_grand_hoard_of_tiamat, grunt_megastairs_4

Skill      XL: |  1  2  3  4  5  6  7  8  9 10 11 12 13 14 15 16 17 18 19 20 21 22 23 24 25 26 27 |
---------------+----------------------------------------------------------------------------------+-----
Short Blades   | 2 3 4 5 6 7 8 9 10 11 12 | 12.4
Fighting       | 3 4 5 6 7 8 9 10 11 12 13 14 15 16 17 18 22 | 22.4
Dodging        | 2 3 4 5 6 7 8 9 10 11 12 13 14 15 | 15.3
Stealth        | 7 8 9 10 11 12 13 14 15 16 17 18 19 20 21 22 27 | 27.0
Spellcasting   | 2 3 5 6 7 8 9 10 11 12 13 23 | 23.4
Hexes          | 2 3 5 6 7 8 9 10 11 12 13 14 15 | 15.5
Evocations     | 2 4 5 6 7 8 9 10 11 12 13 14 15 | 15.6
Armour         | 2 3 4 5 6 7 8 |  8.8
Summonings     | 3 |  3.4
Shields        | 1 3 4 |  4.1
Transmutations | 1 4 5 7 8 9 |  9.5
Earth Magic    | 1 4 5 |  5.2
Air Magic      | 3 5 6 18 | 18.5
Translocations | 4 5 |  5.1
Shapeshifting  | 8 15 26 | 26.2
Conjurations   | 19 | 19.8
Fire Magic     | 10 | 10.8
Necromancy     | |  0.5

Action                     |  1- 3 |  4- 6 |  7- 9 | 10-12 | 13-15 | 16-18 | 19-21 | 22-24 | 25-27 || total
---------------------------+-------+-------+-------+-------+-------+-------+-------+-------+-------++-------
  Melee: Short sword       |    94 |   160 |   124 |       |       |       |       |       |       ||   378
         Bite              |    19 |    51 |    74 |   410 |   752 |   358 |   779 |  1069 |  6306 ||  9818
         Punch             |       |     6 |     4 |    21 |    29 |       |       |       |       ||    60
         Dagger            |       |    28 |   148 |   933 |  1443 |       |       |       |       ||  2552
         Demon blade       |       |       |       |       |     4 |       |       |       |       ||     4
         Rapier            |       |       |       |       |    54 |   826 |   377 |       |       ||  1257
         Pair of quick bla |       |       |       |       |       |       |  1111 |  1706 |  9088 || 11905
         Unarmed           |       |       |       |       |       |       |       |       |     8 ||     8
   Cast: Jinxbite          |       |       |       |    51 |    72 |    36 |       |       |     1 ||   160
         Confusing Touch   |       |       |       |    15 |    17 |     8 |       |       |       ||    40
         Summon Mana Viper |       |       |       |       |    39 |    37 |    43 |     5 |    14 ||   138
         Passwall          |       |       |       |       |       |     4 |       |       |     8 ||    12
         Silence           |       |       |       |       |       |       |    24 |     5 |     4 ||    33
         Vhi's Electric Ch |       |       |       |       |       |       |    16 |   129 |   218 ||   363
         Discord           |       |       |       |       |       |       |       |     3 |    15 ||    18
         Enfeeble          |       |       |       |       |       |       |       |     9 |    96 ||   105
         Yara's Violent Un |       |       |       |       |       |       |       |       |    11 ||    11
         Chain Lightning   |       |       |       |       |       |       |       |       |    17 ||    17
         Arcjolt           |       |       |       |       |       |       |       |       |     6 ||     6
 Invoke: Curse Item        |       |       |     1 |     3 |     5 |     3 |     3 |     1 |     4 ||    20
         Shatter the Chain |       |       |       |       |     2 |       |     4 |     1 |     4 ||    11
Ability: Siphon Essence    |       |       |       |       |       |       |       |       |     4 ||     4
         Evoke Blink       |       |       |       |       |       |       |       |       |     3 ||     3
  Evoke: Wand              |       |       |     4 |    14 |     1 |       |     2 |       |    12 ||    33
         Horn of Geryon    |       |       |       |       |       |       |       |       |     1 ||     1
    Use: Scroll            |     1 |       |    13 |       |     9 |     2 |     2 |     1 |    24 ||    52
         Potion            |       |     2 |     1 |       |     1 |     2 |       |       |     4 ||    10
   Stab: Sleeping          |     2 |    15 |    14 |    15 |    54 |    26 |    80 |    61 |   150 ||   417
         Distracted        |     1 |     1 |       |     1 |    11 |    10 |    11 |     4 |    84 ||   123
         Confused          |       |       |       |    17 |    11 |     5 |       |       |       ||    33
         Paralysed         |       |       |       |       |     1 |       |       |       |     1 ||     2
         Invisible         |       |       |       |       |       |       |       |     3 |    25 ||    28
 Armour: Leather armour    |    48 |    73 |   126 |       |       |       |       |       |       ||   247
         Steam dragon scal |       |       |       |   404 |   548 |       |       |       |       ||   952
         Troll leather arm |       |       |       |       |    29 |   290 |   325 |   214 |  1271 ||  2129
         Skin              |       |       |       |       |       |       |       |       |     2 ||     2
  Dodge: Dodged            |    44 |    80 |   135 |   673 |   988 |   434 |   403 |   330 |  1771 ||  4858
  Block: Buckler           |       |       |       |       |    10 |   304 |    98 |       |       ||   412
         Other             |       |       |       |       |       |       |       |       |   475 ||   475
   Form: Death             |       |       |       |       |       |       |       |       |     1 ||     1

Table legend: (Time is in decaauts)
 A = Elapsed time spent in this place.
 B = Non-inter-level travel time spent in this place.
 C = Inter-level travel time spent in this place.
 D = Time resting spent in this place.
 E = Time spent auto-exploring this place.
 F = Levels seen in this place.
 G = Mean time per level.
                   A        B        C        D        E       F      G
               +--------+--------+--------+--------+--------+-----+--------+
         Total |  68147 |  60184 |   7963 |   4247 |  37411 | 103 |  661.6 |
       Dungeon |  16174 |  13213 |   2961 |    885 |   9384 |  15 | 1078.3 |
        Temple |     48 |     31 |     17 |      0 |      0 |   1 |   48.0 |
          Lair |   5303 |   4596 |    707 |     57 |   3144 |   5 | 1060.6 |
         Swamp |   1807 |   1713 |     94 |      0 |   1402 |   4 |  451.8 |
     Snake Pit |   3936 |   3720 |    216 |    265 |   2137 |   4 |  984.0 |
    Slime Pits |   1064 |   1012 |     52 |    183 |    248 |   5 |  212.8 |
  Orcish Mines |   1831 |   1579 |    252 |      0 |   1013 |   2 |  915.5 |
   Elven Halls |   4445 |   4039 |    406 |   1089 |   1804 |   3 | 1481.7 |
        Vaults |   7091 |   6324 |    767 |    535 |   4465 |   5 | 1418.2 |
         Crypt |   2619 |   2171 |    448 |      0 |   1631 |   3 |  873.0 |
          Tomb |   2347 |   2065 |    282 |     46 |   1075 |   3 |  782.3 |
        Depths |   3917 |   3058 |    859 |     73 |   2181 |   4 |  979.2 |
          Hell |   1002 |    767 |    235 |    222 |    260 |   1 | 1002.0 |
           Dis |   1127 |    956 |    171 |    153 |    379 |   6 |  187.8 |
       Gehenna |   1421 |   1329 |     92 |      9 |    679 |   7 |  203.0 |
       Cocytus |   1511 |   1429 |     82 |    191 |    618 |   7 |  215.9 |
      Tartarus |   1837 |   1580 |    257 |     72 |    856 |   7 |  262.4 |
           Zot |    697 |    639 |     58 |      0 |    593 |   1 |  697.0 |
         Abyss |    767 |    767 |      0 |      0 |    311 |   4 |  191.8 |
   Pandemonium |   7327 |   7327 |      0 |    330 |   4634 |  13 |  563.6 |
        Bailey |    306 |    306 |      0 |     15 |    192 |   1 |  306.0 |
    Desolation |   1040 |   1040 |      0 |     21 |    230 |   1 | 1040.0 |
      Gauntlet |    520 |    520 |      0 |    100 |    174 |   1 |  520.0 |
               +--------+--------+--------+--------+--------+-----+--------+

Top non-repeatable levels by time:
   Elf:3: 1852 daAuts
    D:11: 1687 daAuts
Vaults:2: 1519 daAuts
Vaults:4: 1429 daAuts
Vaults:3: 1407 daAuts
Vaults:5: 1382 daAuts
    D:14: 1378 daAuts
Vaults:1: 1351 daAuts
     D:7: 1347 daAuts
 Snake:4: 1329 daAuts
   Elf:2: 1328 daAuts
   Elf:1: 1264 daAuts
    D:15: 1254 daAuts
    D:12: 1251 daAuts
Depths:2: 1234 daAuts
